 Dungeon Crawl Stone Soup version 0.31-a0-361-g0f8bd3a31e (webtiles) character file.

Game seed: 17924700809622163369

14456201 Bnni the Shapeless Octopus (level 27, 224/224 HPs)
             Began as an Octopode Shapeshifter on July 25, 2023.
             Was an Initiate of Gozag.
             Escaped with the Orb
             ... and 15 runes on July 27, 2023!
             The game lasted 07:30:03 (111241 turns).

Bnni the Shapeless Octopus (OpSh)                 Turns: 111241, Time: 07:30:03

Health: 224/224    AC: 30    Str: 24    XL:     27
Magic:  55/63      EV: 73    Int: 17    God:    Gozag
Gold:   2570       SH:  0    Dex: 23    Spells: 0/80 levels left

rFire   + +          +
                       - Unarmed
rCold   + + +        Q - melded +8 tower shield {AC+3}
rNeg    . . .        C - melded +2 hat of the Bear Spirit {Spirit, Bear, *Rage Will++}
rPois   ∞            c - amulet of Vitality {RegenMP++ Regen++}
rElec   +            R - ring of the Mage {Wiz Archmagi}
rCorr   +            O - ring "Udwacsodd" {Drain rF+ AC+4 Int+4}
SInv    +            y - ring "Luilobb" {rElec rC++ Slay+4}
Will    ++...        M - ring "Xedgh" {rC+ rCorr Str+6 Stlth+}
Stlth   ++++         t - ring of the Hare {EV+10}
HPRegen 2.17/turn    a - ring of Jocvuos {rF++ SInv}
MPRegen 1.18/turn    Z - ring of the Tortoise {AC+8}
                     n - ring "Imilliel" {MP+9 Str+3 Slay+4}

%: wizardry (x1), archmagi
@: storm-form, on vortex cooldown, flying, studying 6 skills
A: cleaving, insubstantial, flying, almost no armour, amphibious, 8 rings,
(camouflage 1), (gelatinous body 1), (nimble swimmer 1), (tentacles), (tentacle
spike 2), wild magic 1
0: Orb of Zot
}: 15/15 runes: decaying, serpentine, slimy, silver, golden, iron, obsidian,
icy, bone, abyssal, demonic, glowing, magical, fiery, dark
a: Blinkbolt, Begin Untransformation, Renounce Religion, Potion Petition, Call
Merchant, Bribe Branch


You escaped.
You worshipped Gozag.
Gozag was most pleased with you.
You were a lightning-filled tempest!
You visited 18 branches of the dungeon, and saw 88 of its levels.
You visited Pandemonium 1 time, and saw 12 of its levels.
You visited the Abyss 2 times.
You completed 2 ziggurats, and saw 54 of their levels.
You also visited: Ossuary, Bailey, Ice Cave, Volcano and Wizlab.

You collected 85322 gold pieces.
You spent 17936 gold pieces at shops.
You paid 64816 gold pieces to Gozag.

Inventory:

Hand Weapons
 e - the +8 Vampire's Tooth {megavamp}
   (You found it on level 3 of the Elven Halls)
Missiles
 o - 10 throwing nets
 S - 8 boomerangs of dispersal
Armour
 C - the +2 hat of the Bear Spirit (melded) {Spirit, Bear, *Rage Will++}
   (You found it on level 2 of the Depths)

   Bear:      Going berserk makes the wearer exceptionally tough, and they are
   slowed for a shorter time afterward.
   *Rage:     It berserks you when you make melee attacks (+20% chance).
   Will:      It greatly increases your willpower.
 Q - a +8 tower shield of protection (melded)
Jewellery
 a - the ring of Jocvuos (on tentacle) {rF++ SInv}
   (You found it in Pandemonium)

   [ring of see invisible]

   rF:        It greatly protects you from fire.
   SInv:      It lets you see invisible.
 c - the amulet of Vitality (around neck) {RegenMP++ Regen++}
   (You found it on level 1 of the Crypt)

   [amulet of magic regeneration]

   It increases your rate of magic regeneration.
   Regen:     It increases your rate of health regeneration.
 n - the ring "Imilliel" (on tentacle) {MP+9 Str+3 Slay+4}
   (You found it on level 7 of Tartarus)

   [ring of slaying]

   Str:       It affects your strength (+3).
   Slay:      It affects your accuracy & damage with ranged weapons and melee
   (+4).
   MP:        It affects your magic capacity (+9).
 t - the ring of the Hare (on tentacle) {EV+10}
   (You bought it in a shop on level 2 of the Snake Pit)

   [ring of evasion]

   EV:        It affects your evasion (+10).
 y - the ring "Luilobb" (on tentacle) {rElec rC++ Slay+4}
   (You took it off Antaeus on level 7 of Cocytus)

   [ring of slaying]

   Slay:      It affects your accuracy & damage with ranged weapons and melee
   (+4).
   rC:        It greatly protects you from cold.
   rElec:     It insulates you from electricity.
 M - the ring "Xedgh" (on tentacle) {rC+ rCorr Str+6 Stlth+}
   (You took it off a frost giant on level 5 of the Vaults)

   [ring of strength]

   Str:       It affects your strength (+6).
   rC:        It protects you from cold.
   rCorr:     It protects you from acid and corrosion.
   Stlth:     It makes you more stealthy.
 O - the ring "Udwacsodd" (right tentacle) {Drain rF+ AC+4 Int+4}
   (You bought it in a shop on level 10 of the Dungeon)

   [ring of protection]

   AC:        It affects your AC (+4).
   Int:       It affects your intelligence (+4).
   rF:        It protects you from fire.
   Drain:     It drains your maximum health when unequipped.
 R - the ring of the Mage (left tentacle) {Wiz Archmagi}
   (You found it on level 24 of a ziggurat)

   [ring of wizardry]

   It improves your spell success rate.
   Archmagi:  It increases the power of your magical spells.
 Z - the ring of the Tortoise (on tentacle) {AC+8}
   (You found it on level 20 of a ziggurat)

   [ring of protection]

   AC:        It affects your AC (+8).
Talismans
 r - a storm talisman
 Y - a talisman of death
Wands
 p - a wand of quicksilver (130)
 B - a wand of digging (57)
 V - a wand of roots (190)
Scrolls
 d - 8 scrolls of torment
 g - 73 scrolls of teleportation
 h - 9 scrolls of butterflies
 j - 18 scrolls of immolation
 l - 18 scrolls of revelation
 w - 11 scrolls of silence
 x - 29 scrolls of blinking
 I - 25 scrolls of fog
 K - 21 scrolls of fear
Potions
 i - 57 potions of mutation
 k - 8 potions of ambrosia
 s - 44 potions of curing
 u - 26 potions of haste
 v - 10 potions of attraction
 A - 9 potions of berserk rage
 D - 10 potions of magic
 F - 12 potions of might
 H - 17 potions of heal wounds
 J - 5 potions of invisibility
 N - 8 potions of enlightenment
 T - 12 potions of cancellation
Miscellaneous
 b - a phantom mirror
 f - a phial of floods


   Skills:
 O Level 27 Fighting
 - Level 14.0 Short Blades
 * Level 19.7 Throwing
 O Level 27 Dodging
 O Level 27 Stealth
 O Level 27 Shields
 O Level 27 Unarmed Combat
 O Level 27 Spellcasting
 - Level 4.0 Summonings
 O Level 27 Translocations
 - Level 15.3 Transmutations
 O Level 27 Ice Magic
 + Level 21.9 Air Magic
 - Level 10.0 Earth Magic
 - Level 8.0 Poison Magic
 O Level 27 Shapeshifting


You couldn't memorise any spells.
You knew the following spells:

 Your Spells              Type           Power      Damage    Failure   Level
a - Lesser Beckoning      Tloc           100%       N/A       1%          2
b - Blink                 Tloc           100%       N/A       1%          2
c - Passwall              Tmut/Erth      75%        N/A       1%          2
d - Vhi's Electric Charg  Tloc/Air       100%       N/A       1%          3
e - Manifold Assault      Tloc           100%       N/A       1%          4
f - Freezing Cloud        Conj/Ice/Air   50%        6-21      1%          5
g - Passage of Golubria   Tloc           100%       N/A       1%          4
h - Eringya's Noxious Bo  Tmut/Pois      44%        4d6       1%          6
i - Airstrike             Air            56%        2d(9-25)  1%          4
j - Yara's Violent Unrav  Hex/Tmut       38%        3d15      1%          5
k - Metabolic Englaciati  Hex/Ice        47%        N/A       1%          5
l - Dispersal             Tloc           61%        N/A       1%          6
m - Malign Gateway        Summ/Tloc      49%        N/A       1%          7
o - Ozocubu's Armour      Ice            100%       N/A       1%          3
r - Ozocubu's Refrigerat  Ice            61%        4d21      1%          7
s - Swiftness             Air            100%       N/A       1%          3
w - Wereblood             Tmut           98%        N/A       1%          2
x - Polar Vortex          Ice            61%        12d8*     1%          9
z - Apportation           Tloc           100%       N/A       1%          1

Your spell library contained the following spells:

 Spells                   Type           Power      Damage    Failure   Level
 Foxfire                  Conj/Fire      100%       2x1d9     1%          1
 Freeze                   Ice            100%       1d10      1%          1
 Kiss of Death            Conj/Necr      100%       2d13      1%          1
 Magic Dart               Conj           100%       1d8       1%          1
 Necrotise                Necr           100%       1d9       1%          1
 Sandblast                Erth           100%       2d20      1%          1
 Shock                    Conj/Air       100%       1d9       1%          1
 Slow                     Hex            100%       N/A       1%          1
 Sting                    Tmut/Pois      100%       1d8       1%          1
 Summon Small Mammal      Summ           100%       N/A       1%          1
 Call Imp                 Summ           100%       N/A       1%          2
 Cigotuvi's Dreadful Rot  Necr/Pois/Air  100%       N/A       1%          2
 Ensorcelled Hibernation  Hex/Ice        100%       N/A       1%          2
 Momentum Strike          Conj/Tloc      100%       3d10      1%          2
 Poisonous Vapours        Pois/Air       100%       N/A       1%          2
 Scorch                   Fire           88%        2d8       1%          2
 Static Discharge         Conj/Air       100%       2-7/arc   1%          2
 Call Canine Familiar     Summ           63%        N/A       1%          3
 Frozen Ramparts          Ice            100%       1d16      1%          3
 Gell's Gravitas          Tloc           100%       N/A       1%          3
 Hailstorm                Conj/Ice       94%        3d19      1%          3
 Ignite Poison            Fire/Tmut/Pois 77%        N/A       1%          3
 Mephitic Cloud           Conj/Pois/Air  84%        N/A       1%          3
 Portal Projectile        Hex/Tloc       100%       N/A       1%          3
 Stone Arrow              Conj/Erth      100%       3d13      1%          3
 Summon Guardian Golem    Hex/Summ       55%        N/A       1%          3
 Teleport Other           Tloc           100%       N/A       1%          3
 Volatile Blastmotes      Fire/Tloc      100%       2d18      1%          3
 Iskenderun's Mystic Bla  Conj/Tloc      94%        2d18      1%          4
 Leda's Liquefaction      Hex/Erth       33%        N/A       1%          4
 Olgreb's Toxic Radiance  Pois           78%        N/A       1%          4
 Petrify                  Tmut/Erth      91%        N/A       1%          4
 Summon Ice Beast         Ice/Summ       99%        N/A       1%          4
 Summon Lightning Spire   Summ/Air       92%        N/A       1%          4
 Alistair's Intoxication  Tmut/Pois      59%        N/A       1%          5
 Arcjolt                  Conj/Air       43%        1d53      1%          5
 Irradiate                Conj/Tmut      38%        3d24      1%          5
 Lee's Rapid Deconstruct  Erth           42%        3d20*     1%          5
 Silence                  Hex/Air        43%        N/A       1%          5
 Summon Forest            Summ/Tloc      49%        N/A       1%          5
 Conjure Ball Lightning   Conj/Air       43%        3x3d15    1%          6
 Plasma Beam              Fire/Air       43%        2x1d57    1%          6
 Disjunction              Tloc           61%        N/A       1%          8
 Maxwell's Capacitive Co  Air            56%        ∞         1%          8
 Confusing Touch          Hex            44%        N/A       2%          3
 Dazzling Flash           Conj/Hex       88%        N/A       2%          3
 Inner Flame              Hex/Fire       44%        N/A       2%          3
 Tukima's Dance           Hex            44%        N/A       2%          3
 Vampiric Draining        Necr           44%        2d9       2%          3
 Borgnjor's Vile Clutch   Necr/Erth      33%        N/A       3%          5
 Anguish                  Hex/Necr       22%        N/A       9%          4
 Cause Fear               Hex            22%        N/A       9%          4
 Dispel Undead            Necr           44%        3d17      9%          4
 Flame Wave               Conj/Fire      44%        2d11      9%          4
 Fulminant Prism          Conj/Hex       22%        3d12      9%          4
 Sticky Flame             Conj/Fire      44%        2d6       9%          4
 Summon Mana Viper        Hex/Summ       55%        N/A       11%         5
 Leda's Unmaking          Conj/Erth      33%        9d6       16%         6
 Agony                    Necr           44%        N/A       21%         5
 Fireball                 Conj/Fire      22%        3d10      21%         5
 Iskenderun's Battlesphe  Conj           44%        2d10      21%         5
 Summon Cactus Giant      Summ           31%        N/A       22%         6
 Death Channel            Necr           22%        N/A       69%         6
 Starburst                Conj/Fire      22%        6d7       69%         6
 Monstrous Menagerie      Summ           31%        N/A       71%         7
 Summon Hydra             Summ           31%        N/A       71%         7
 Haunt                    Necr/Summ      27%        N/A       92%         7
 Spellforged Servitor     Conj/Summ      27%        N/A       92%         7
 Enfeeble                 Hex            22%        N/A       99%         7
 Orb of Destruction       Conj           22%        9d8       99%         7
 Lehudib's Crystal Spear  Conj/Erth      33%        10d9      99%         8
 Chain Lightning          Conj/Air       43%        3d58      99%         9
 Borgnjor's Revivificati  Necr           22%        N/A       100%        8
 Discord                  Hex            22%        N/A       100%        8
 Ignition                 Fire           22%        3d8       100%        8
 Infestation              Necr           22%        N/A       100%        8
 Summon Horrible Things   Summ           31%        N/A       100%        8
 Death's Door             Necr           22%        N/A       100%        9
 Dragon's Call            Summ           31%        N/A       100%        9
 Fire Storm               Conj/Fire      22%        8d6       100%        9
 Shatter                  Erth           42%        3d33*     100%        9
 Sublimation of Blood     Necr           Unusable   N/A       N/A         2
 Animate Armour           Summ/Erth      Unusable   N/A       N/A         4
 Simulacrum               Ice/Necr       Unusable   N/A       N/A         6
 Animate Dead             Necr           Unusable   N/A       N/A         4

Dungeon Overview and Level Annotations

Branches:
Dungeon (15/15)            Temple (1/1) D:4            Lair (5/5) D:8
  Swamp (4/4) Lair:2        Snake (4/4) Lair:2        Slime (5/5) Lair:5
    Orc (2/2) D:9             Elf (3/3) Orc:2        Vaults (5/5) D:14
  Crypt (3/3) Vaults:2       Tomb (3/3) Crypt:3      Depths (4/4) D:15
   Hell (visited)             Dis (7/7) Hell            Geh (7/7) Hell
    Coc (7/7) Hell            Tar (7/7) Hell            Zot (5/5) Depths:4
Ossuary (visited)          Bailey (visited)           IceCv (visited)
Volcano (visited)          WizLab (visited)

Altars:
Ashenzari
Cheibriados
Dithmenos
Elyvilon
Fedhas
Gozag
Hepliaklqana
Kikubaaqudgha
Makhleb
Nemelex Xobeh
Okawaru
Qazlal
Ru
Sif Muna
Trog
Uskayaw
Vehumet
Wu Jian
Xom
Yredelemnul
Zin
The Shining One
Jiyva

Shops:
D:1 ?[!   D:4 [   D:8 *   D:10 =   D:14 *=:**   Orc:2 =?*?   Elf:1 (?*
Swamp:1 ?   Snake:2 :=:   Snake:3 ::(   Vaults:1 =:   Depths:1 :*?=?*
Depths:2 ==*===**

Portals:
Hell: Depths:1 Depths:2 Depths:3 Depths:4
Abyss: Depths:1 Depths:2 Depths:3
Pandemonium: Depths:2
Ziggurat: Zot:5*

Annotations:
Lair:3 2 transporters, kush's ghost, journeyman HuEE
Elf:2 exclusion: 3 doors
Depths:3 3 runed translucent doors


Innate Abilities, Weirdness & Mutations

You are a lightning-filled tempest!
Your electrical attacks strike out in all directions at once.
You are incredibly evasive.
Your insubstantial body is immune to petrification, constriction, and being set on fire You are flying.
Your armour is entirely melded.
You are incapable of wielding weapons or throwing items.
You cannot wear most types of armour.
You are amphibious.
You can wear up to eight rings at the same time.
You are immune to poison.
((Your skin changes colour to match your surroundings (Stealth+).))
((Your rubbery body absorbs attacks. (AC +1, EV +1)))
((You are camouflaged when in or above water. (Stealth+)))
((You have tentacles for arms and can constrict up to eight enemies at once.))
((One of your tentacles bears a nasty spike.))
Your spells are a little harder to cast, but a little more powerful.


Message History

[a] 3269 gold - Ahuen's Armour Shoppe [b] 3661 gold - Ywoawk's Magic Scroll Boutique [c] 3132 gold - Tufeqi's Antique Weapon Shop Fund which merchant?
You no longer have enough gold to fund merchants seeking to open stores in the dungeon.
You no longer have enough gold to bribe branches to halt enemies' attacks and recruit allies.
Ywoawk invites you to visit their Magic Scroll Boutique.
Okay, then.
There is an open door here.
You drop a ring of the Octopus King {rF+ HP+2 AC+2 EV+2 SH+2}.
You drop a ring of the Octopus King {HP+2 MP+9 AC+2 EV+2 SH+2}.
You drop a ring of the Octopus King {Fly HP+2 AC+2 EV+2 SH+2}.
There is an open door here.
You drop the dreamshard necklace {Acrobat *Dream}.
You see here a ring of the Octopus King {HP+2 MP+9 AC+2 EV+2 SH+2}.
There is an escape hatch in the floor here.
There is a staircase leading out of the dungeon here.
Unknown command.
Casting: Apportation (safe; 1% risk of failure)
Confirm with . or Enter, or press ? or * to list all spells.
You can't see any susceptible monsters within range! (Use Z to cast anyway.) Unknown command.
Casting: Apportation (safe; 1% risk of failure)
Confirm with . or Enter, or press ? or * to list all spells.
You can't see any susceptible monsters within range! (Use Z to cast anyway.)
Casting: Apportation (safe; 1% risk of failure)
Confirm with . or Enter, or press ? or * to list all spells.
You feel a surge of power!
A great freezing vortex appears around you.
Casting: Polar Vortex (dangerous; 1% risk of failure)
Confirm with . or Enter, or press ? or * to list all spells.
Casting: Eringya's Noxious Bog (mildly dangerous; 1% risk of failure)
Press: ? - help, Dir - look around, f - activate You feel a surge of power!
You spew toxic sludge!
You can't go up here!
You can't go down here!
You start resting.
Your noxious spew wanes.
The winds around you start to calm down.
You have escaped!

#.~~....~.# #..~~.~~..# #.......#
### ####### #### ##..# #≈.~#
##..## ### #....#
###§#####§.#§#####..
#....###§§§§§###...§##.)...
#....#.#§§§§§#8#....§..##.#
#.○..#.§§§v§§§.'....§..)...
#....#.#§§§§§#8#..§§§..#..#
#....###§§§§§###.#.§##.#... ###
#....# ###+#####....##.##.# ..#
##..# ##≈.≈## ##..###.##.# #.###
### ################.##.. #...###
##.......##.####......
###...######.........#.##....####
###.....##....○....#......)# #


There were no monsters in sight!

Vanquished Creatures
  Cerebov (Pan)
  Antaeus (Coc:7)
  Asmodeus (Geh:7)
  39 pandemonium lords
  the Royal Jelly (Slime:5)
  Gloorx Vloq (Pan)
  2 seraphim
  Ereshkigal (Tar:7)
  Mnoleg (Pan)
  the Serpent of Hell (Tar:7)
  Lom Lobon (Pan)
  34 dread liches
  Dispater (Dis:7)
  Khufu (Crypt:1)
  5 orbs of fire (Zot:5)
  23 ancient liches
  Mara (Vaults:2)
  9 juggernauts
  Sojobo (Crypt:2)
  Josephina (Depths:4)
  The ghost of Beach the Warrior, a veteran GrFi of the Shining One (Crypt:1)
  49 royal mummies
  The ghost of Joepramp the Sorcerer, a veteran DjFE of Hepliaklqana (Depths:1)
  53 shard shrikes
  The ghost of Arizal the Axe Maniac, a veteran MiBe of Trog (Crypt:1)
  21 Killer Klowns
  Frederick (Crypt:3)
  Saint Roka (Elf:2)
  24 caustic shrikes
  Margery (Depths:4)
  The ghost of Yhipuh the Earth Mage, a veteran GrEE of Ashenzari (Crypt:1)
  Geryon (Hell)
  2 curse toes
  Nikola (Swamp:4)
  33 golden dragons
  4 pearl dragons
  21 bone dragons
  The ghost of Cikey the Warrior, an adept DgNe (Crypt:1)
  21 profane servitors
  17 Tzitzimimeh
  14 doom hounds
  14 iron giants
  2 electric golems (Zot:5)
  A spectral shard shrike (Tar:3)
  34 tentacled monstrosities
  11 Brimstone Fiends
  21 hellephants
  The ghost of Lerui the Wrestler, an adept TrMo of Ru (Depths:2)
  11 liches
  A shard shrike zombie (Crypt:3)
  53 Ice Fiends
  32 Hell Sentinels
  3 walking crystal tomes
  2 walking earthen tomes (Depths:3)
  27 Orb Guardians
  26 tainted leviathans
  11 quicksilver dragons
  A quicksilver dragon (shapeshifter) (Zig:24)
  28 searing wretches
  17 deep elf blademasters
  15 Executioners
  21 deep elf master archers
  61 ancient champions
  32 acid blobs
  9 tentacled starspawn
  9 death cobs
  33 titans
  A sphinx (shapeshifter) (Zig:4)
  23 storm dragons
  3 shadow dragons (shapeshifter) (Zig:24)
  22 tengu reavers
  31 sphinxes
  15 shadow dragons
  Kirke (Swamp:4)
  The ghost of u553311 the Warrior, an adept VSBr of Jiyva (Snake:3)
  Donald (Swamp:2)
  An azure jelly (shapeshifter) (Zig:24)
  10 revenants
  18 rockslimes
  6 thorn hunters
  24 nagarajas
  Aizul (Snake:3)
  A storm dragon (shapeshifter) (Zig:24)
  7 deep elf sorcerers
  17 draconian monks
  26 fire giants
  9 emperor scorpions
  37 narguns
  53 draconian knights
  16 daevas
  19 azure jellies
  7 fenstrider witches
  5 demonspawn warmongers
  25 draconian scorchers
  22 vault wardens
  38 frost giants
  2 ghost moths (shapeshifter)
  3 juggernaut zombies
  13 ghost moths
  31 balrugs
  19 quicksilver elementals
  2 caustic shrike zombies
  4 spectral juggernauts
  9 curse skulls
  11 shard shrike simulacra
  18 cacodemons
  28 iron dragons
  21 draconian stormcallers
  22 draconian shifters
  13 orc warlords
  2 spriggan defenders (Depths:4)
  25 draconian annihilators
  4 spectral caustic shrikes
  4 deep elf elementalists (Elf:3)
  24 angels
  10 formless jellyfish
  11 ophanim (Pan)
  2 demonspawn blood saints
  21 reapers
  36 ironbound preservers
  8 demonspawn corrupters
  The ghost of Bemy the Grappler, a journeyman TrFi of Gozag (Orc:1)
  3 formless jellyfish (shapeshifter) (Zig:24)
  14 quicksilver oozes
  13 ghouls
  55 war gargoyles
  2 stone giants (shapeshifter) (Zig:24)
  17 green draconians
  7 ironbound thunderhulks
  22 very ugly things
  18 stone giants
  23 vampire knights
  28 putrid mouths
  The ghost of Riocabaj the Blocker, a journeyman TrMo of Hepliaklqana (Depths:3)
  3 eleionomae (shapeshifter) (Zig:24)
  15 dire elephants
  28 elemental wellsprings
  7 eleionomae
  3 spectral titans
  26 black draconians
  30 wendigos
  25 deep elf demonologists
  2 demonspawn black suns (Pan)
  14 bennus
  13 lorocyprocas
  27 apis (Pan)
  The ghost of Scrael the Grappler, a journeyman DrSh of the Shining One (D:13)
  Azrael (Snake:2)
  20 red draconians
  4 halazid warlocks (Tar:2)
  19 purple draconians
  11 bunyips
  10 yellow draconians
  A dire elephant (shapeshifter) (Zig:24)
  9 spark wasps
  30 deep elf annihilators
  16 eidola
  24 white draconians
  42 blizzard demons
  The ghost of Alapn the Covert, a journeyman KoEn of Dithmenos (Lair:3)
  5 crystal guardians
  A spectral quicksilver dragon (Tar:2)
  21 starcursed masses
  23 green deaths
  7 jiangshi
  42 mummy priests
  20 ettins
  20 deep elf death magi
  An ettin (shapeshifter) (Zig:24)
  9 shambling mangroves
  14 fire dragons
  19 merfolk javelineers
  A spectral kraken (Tar:7)
  7 entropy weavers
  2 spectral spriggans
  34 iron golems
  Harold (Lair:2)
  A great orb of eyes (shapeshifter) (Zig:24)
  3 rakshasas
  A merfolk impaler (Zig:8)
  13 yaktaur captains
  22 great orbs of eyes
  37 vault guards
  25 deep elf high priests
  2 quicksilver dragon skeletons
  47 hydras
  2 spectral sphinxes (Depths:3)
  6 spriggan zombies
  34 ice dragons
  12 juggernaut simulacra
  12 hell beasts
  A spectral fenstrider witch (Tar:1)
  2 peacekeepers
  5 spriggan air magi
  8 ghost crabs
  10 salamander tyrants
  2 catoblepae
  11 centaur warriors
  A fenstrider witch zombie (Crypt:3)
  2 ogre magi
  A catoblepas (shapeshifter) (Zig:24)
  6 boulder beetles
  20 caustic shrike simulacra
  3 jorogumos
  3 alligator snapping turtles
  5 ironbound frosthearts
  6 death knights
  8 stokers
  3 merfolk avatars
  2 two-headed ogres
  2 radroaches (Zig:15)
  An alligator (shapeshifter) (Zig:23)
  11 merfolk aquamancers
  2 spectral stone giants
  A spectral human (Tar:1)
  13 anacondas
  15 deep troll earth magi
  A satyr (Abyss:3)
  9 deep troll shamans
  25 hell hogs
  14 naga warriors
  19 vampire magi
  50 death scarabs
  14 demonic crawlers
  6 death yaks (Lair:5)
  15 orc high priests
  6 tengu warriors
  4 thrashing horrors
  9 alligators
  56 dancing weapons
  3 spectral dire elephants
  8 hell knights
  26 naga sharpshooters
  12 spriggan berserkers
  30 sun demons
  3 titan zombies
  Nergalle (D:11)
  2 spectral storm dragons
  25 soul eaters
  49 deep elf knights
  8 shock serpents
  2 storm dragon zombies
  16 iron trolls
  5 wretched stars
  22 crystal echidnas
  A spectral catoblepas (Tar:1)
  A fire crab (Lair:5)
  7 pharaoh ants
  3 skysharks
  59 skeletal warriors
  2 sun moths (Zig:15)
  8 titan skeletons
  16 shadow wraiths
  3 salamander mystics
  16 sixfirhies
  11 spriggan druids
  An iron troll (shapeshifter) (Zig:24)
  5 goliath frogs
  3 golden dragon zombies
  2 storm dragon skeletons
  A death drake (shapeshifter) (Depths:4)
  A spatial maelstrom (Abyss:3)
  6 orb spiders
  A glowing orange brain (shapeshifter) (Zig:24)
  7 shadow demons
  3 spectral anacondas
  5 naga ritualists
  7 bog bodies
  A goliath frog (shapeshifter) (Zig:24)
  An anaconda zombie (Hell)
  15 flayed ghosts
  18 death drakes
  An orb spider (shapeshifter) (Vaults:5)
  A sea snake (shapeshifter) (Vaults:5)
  2 tengu zombies
  72 deep trolls
  An orange crystal statue (Hell)
  17 phantasmal warriors
  17 wizards
  3 spectral iron dragons
  12 cherubim
  24 swamp dragons
  23 ironbound convokers
  An iron giant skeleton (Crypt:1)
  38 deep elf archers
  A lindwurm (shapeshifter) (Zig:24)
  6 lindwurms
  A shadow dragon zombie (Zig:23)
  5 quicksilver dragon simulacra
  A steelbarb worm (shapeshifter) (Zig:9)
  25 harpies
  9 glowing orange brains
  2 sea snakes
  3 harpies (shapeshifter)
  5 bunyip skeletons
  A sphinx zombie (Zig:19)
  Pikel (D:7)
  8 mana vipers
  12 necromancers
  6 steelbarb worms
  63 deep elf pyromancers
  9 wolf spiders
  28 orc knights
  61 deep elf zephyrmancers
  11 orc sorcerers
  A tengu skeleton (Zig:19)
  2 anaconda skeletons
  3 fauns (Zig:9)
  A spectral ice dragon (Tar:2)
  A shining eye (shapeshifter) (Vaults:5)
  11 cyclopes
  6 will-o-the-wisps
  A manticore (shapeshifter) (Zig:24)
  44 ugly things
  12 salamanders
  A shadow dragon skeleton (Zig:23)
  15 shining eyes
  12 manticores
  2 oklob plants (Lair:5)
  A fire giant zombie (Vaults:5)
  A naga zombie (Geh:1)
  14 fire giant skeletons
  2 frost giant skeletons
  A sphinx skeleton (Zig:23)
  2 iron dragon zombies
  2 worldbinders (Abyss:3)
  A dire elephant zombie (Geh:1)
  2 moths of wrath (shapeshifter)
  A centaur zombie (Crypt:3)
  15 apocalypse crabs
  40 moths of wrath
  A water nymph (shapeshifter) (Zig:9)
  A merfolk siren (Zig:8)
  An elephant (shapeshifter) (Zig:25)
  An eye of devastation (shapeshifter) (Vaults:5)
  7 ice statues
  51 black mambas
  An iron dragon skeleton (Zig:19)
  15 naga magi
  2 molten gargoyles (Lair:5)
  A spectral centaur (Tar:2)
  12 elephants
  5 titan simulacra
  A guardian serpent (shapeshifter) (Zig:20)
  23 vault sentinels
  3 rust devils
  8 water nymphs
  8 guardian serpents
  27 smoke demons
  10 gargoyles
  A black mamba (shapeshifter) (Zig:24)
  6 torpor snails
  17 cane toads
  6 eyes of devastation
  A centaur skeleton (Pan)
  2 unseen horrors (Pan)
  9 spectral swamp worms (Tar:7)
  A storm dragon simulacrum (Zig:17)
  20 rime drakes
  28 orange demons
  10 komodo dragons
  43 hellions
  27 yaktaurs
  A dire elephant skeleton (Geh:1)
  2 komodo dragons (shapeshifter)
  4 kobold demonologists
  3 efreet (Pan)
  25 tormentors
  2 yaktaurs (shapeshifter)
  7 anaconda simulacra
  16 freezing wraiths
  A purple draconian zombie (Crypt:2)
  3 spectral nagas
  90 guardian mummies
  A human skeleton (Vaults:4)
  5 ancient zymes
  32 ice devils
  6 tengu conjurers
  2 hydra zombies (Hell)
  6 golden dragon simulacra
  6 iron giant simulacra
  2 spectral harpies
  An alligator snapping turtle skeleton (Crypt:1)
  10 hellwings
  A merfolk (shapeshifter) (Zig:23)
  4 tengu simulacra
  7 red devils
  4 silent spectres
  27 hornets
  6 harpy zombies
  2 polar bears (shapeshifter)
  20 trolls
  9 raiju
  A meliai (Zig:15)
  10 tyrant leeches
  A wind drake (shapeshifter) (Zig:14)
  2 wind drakes (Zig:13)
  21 merfolk
  6 tarantellas
  5 polar bears
  3 harpy skeletons
  5 shadow dragon simulacra
  3 sphinx simulacra
  A snapping turtle (shapeshifter) (Zig:5)
  An ettin zombie (Crypt:3)
  29 blink frogs
  3 snapping turtles (Zig:27)
  22 large abominations
  A hydra skeleton (Hell)
  5 fire dragon skeletons
  9 iron dragon simulacra
  2 alligator zombies (Hell)
  An ice dragon skeleton (Crypt:2)
  A jumping spider (shapeshifter) (Zig:23)
  A culicivora (shapeshifter) (Zig:24)
  3 culicivoras (Zig:15)
  39 flying skulls
  3 shadows (Crypt:3)
  3 stone giant simulacra
  15 air elementals
  An alligator skeleton (Hell)
  132 slime creatures
  13 ynoxinuls
  7 dire elephant simulacra
  12 spriggans
  An ettin skeleton (Tomb:2)
  14 wraiths
  16 water elementals
  A hog (shapeshifter) (Zig:14)
  63 yaks
  10 wyverns
  An alligator snapping turtle simulacrum (Coc:3)
  3 fire bats (Pan)
  20 ushabtiu
  9 vampires
  A yak (shapeshifter) (Zig:24)
  11 basilisks
  6 hogs (Swamp:4)
  13 vampire mosquitoes
  18 chaos spawn
  6 steam dragons
  17 fire elementals
  11 golden eyes
  A redback (Zig:27)
  19 neqoxecs
  12 wargs
  15 harpy simulacra
  2 spatial vortices (Abyss:3)
  Menkaure (D:6)
  47 nagas
  12 swamp worms
  5 acid dragons
  7 two-headed ogre zombies (WizLab)
  A glowing shapeshifter zombie (Vaults:1)
  3 hydra simulacra
  A floating eye (Depths:1)
  6 hell hounds
  9 swamp drakes
  24 water moccasins
  A floating eye (shapeshifter) (Zig:23)
  81 orc warriors
  2 glowing shapeshifter skeletons
  An ogre skeleton (Vaults:4)
  6 ettin simulacra
  A sky beast (D:7)
  14 ice beasts
  An elf simulacrum (Vaults:1)
  2 human zombies (Vaults:4)
  4 black bears
  A black mamba simulacrum (Coc:2)
  18 ogres
  A swamp dragon zombie (Crypt:1)
  A wolf (Lair:2)
  A boggart (D:14)
  2 phantoms
  4 centaurs
  An elf zombie (Crypt:2)
  20 kobold brigands
  3 scorpions
  16 bullfrogs
  18 earth elementals
  3 glowing shapeshifter simulacra
  A gnoll sergeant (Zig:19)
  2 cane toad simulacra (IceCv)
  3 water moccasin zombies (Ossuary)
  A wyvern zombie (Crypt:2)
  2 necrophages (Crypt:2)
  10 wights
  6 troll zombies (WizLab)
  9 killer bees
  3 spriggan skeletons
  A troll skeleton (Volcano)
  6 howler monkeys
  2 electric eels (Lair:1)
  5 lava snakes (Lair:5)
  4 crimson imps (Pan)
  A quasit (Abyss:3)
  5 small abominations
  3 hounds
  23 orc priests
  2 iron imps (Abyss:3)
  2 sleepcaps (D:7)
  An iguana (shapeshifter) (Zig:25)
  4 iguanas
  19 orc wizards
  A black bear skeleton (Crypt:1)
  2 hell rats (Hell)
  8 lightning spires
  2 polar bear simulacra (IceCv)
  10 spriggan simulacra
  A boggart skeleton (Crypt:2)
  6 ogre zombies
  A sky beast zombie (Crypt:1)
  An acid dragon skeleton (Crypt:1)
  2 naga skeletons
  119 mummies
  11 gnolls
  6 adders
  4 naga simulacra
  A river rat (D:6)
  2 shadow imps
  2 white imps (D:6)
  2 ufetubi
  6 adder zombies (Ossuary)
  A dart slug (D:5)
  4 worms
  71 orcs
  8 ball pythons
  A bat zombie (Crypt:2)
  6 endoplasms
  2 giant cockroaches (D:6)
  2 gnoll zombies (Ossuary)
  25 goblins
  16 hobgoblins
  2 quokkas
  6 bats
  A frilled lizard (D:3)
  9 hobgoblin zombies (Ossuary)
  46 kobolds
  5 kobold zombies (Ossuary)
  An orc skeleton (Crypt:2)
  An orc zombie (Ossuary)
  A quokka zombie (Crypt:1)
  4 rats
  6 ball lightnings
  8 creeping infernos
  24 fire vortices
  A lurking horror (Abyss:3)
  A spectral weapon (Zot:5)
  3 starspawn tentacles
6296 creatures vanquished.

Vanquished Creatures (collateral kills)
  2 frost giants (Zig:25)
  An eleionoma (Zig:26)
  A green death (Zig:26)
  An ice dragon (Zig:25)
  2 hydras (Zig:26)
  2 death drakes (Zig:26)
  2 will-o-the-wisps (Zig:26)
  An ice devil (Zig:25)
  A bloated husk (Zig:26)
  An ice beast (Zig:16)
14 creatures vanquished.

Vanquished Creatures (others)
  A shard shrike (Zig:25)
  A Killer Klown (Zig:24)
  3 golden dragons
  The ghost of Neirri the Fetichist, a veteran DrHW of Gozag (Crypt:1)
  A deep elf master archer (Zig:21)
  A quicksilver dragon (shapeshifter) (Zig:24)
  A deep elf blademaster (Zig:21)
  2 pandemonium lords (Zig:24)
  8 eldritch tentacles
  2 draconian knights (Zot:1)
  A fire giant (shapeshifter) (Zig:24)
  A shard shrike simulacrum (Coc:7)
  A ghoul (Swamp:4)
  2 very ugly things (Zig:24)
  A demonspawn blood saint (Pan)
  A wendigo (Coc:4)
  A dire elephant (shapeshifter) (Zig:24)
  A blizzard demon (Zig:25)
  A green death (Zig:26)
  A salamander tyrant (Geh:1)
  An ice dragon (Zig:26)
  2 juggernaut simulacra
  A hell beast (Geh:1)
  A stoker (Geh:7)
  A caustic shrike simulacrum (Coc:7)
  A hell hog (Geh:1)
  4 deep elf knights
  A sixfirhy (Pan)
  An iron troll (shapeshifter) (Zig:24)
  A goliath frog (Zig:26)
  A quicksilver dragon simulacrum (Coc:4)
  3 spriggan simulacra
  A swamp dragon (shapeshifter) (Zig:24)
  2 wizards
  An ugly thing (IceCv)
  A moth of wrath (Zot:5)
  2 will-o-the-wisps
  A slime creature (Slime:1)
  A titan simulacrum (Coc:7)
  A smoke demon (Pan)
  5 apocalypse crabs (Zig:24)
  5 hellions (Pan)
  2 rime drakes (Zig:26)
  2 tormentors
  An iron giant simulacrum (Coc:4)
  A golden dragon simulacrum (Coc:7)
  3 spectral harpies (Tar:2)
  A hellwing (Pan)
  2 bloated husks
  2 hornets
  A blink frog (shapeshifter) (Zig:24)
  A dire elephant simulacrum (Coc:7)
  A spriggan (Zig:18)
  A water elemental (Elf:3)
  A wyvern (shapeshifter) (Zig:25)
  A ynoxinul (Pan)
  A basilisk (shapeshifter) (Zig:24)
  A fire bat (Pan)
  A fire elemental (Zig:20)
  2 chaos spawn
  A harpy simulacrum (Coc:7)
  An acid dragon (Zig:13)
  An ice beast (shapeshifter) (Zig:24)
  A centaur (Zig:9)
  A glowing shapeshifter simulacrum (Zig:17)
  2 orc priests
  A sleepcap (D:7)
  2 hell rats (Hell)
  9 ball lightnings
  2 creeping infernos
  42 foxfires
  5 starspawn tentacles
163 creatures vanquished.

Grand Total: 6473 creatures vanquished

Notes
Turn   | Place    | Note
-------+----------+-------------------------------------------
     0 | D:1      | Bnni the Octopode Shapeshifter began the quest for the Orb.
     0 | D:1      | Reached XP level 1. HP: 13/13 MP: 1/1
   111 | D:1      | Reached XP level 2. HP: 18/18 MP: 2/2
   162 | D:1      | Found a faded altar of an unknown god.
   442 | D:2      | Reached XP level 3. HP: 23/23 MP: 3/3
   549 | D:2      | Reached XP level 4. HP: 18/29 MP: 4/4
  1201 | D:3      | Reached XP level 5. HP: 35/35 MP: 5/5
  1370 | D:3      | You fall into a shaft and drop 3 floors!
  1452 | D:6      | Noticed a water moccasin
  1458 | D:6      | Killed a water moccasin
  1459 | D:6      | Reached XP level 6. HP: 24/42 MP: 6/6
  1690 | D:6      | Reached skill level 5 in Shapeshifting
  1929 | D:6      | Reached XP level 7. HP: 37/46 MP: 7/7
  2097 | D:5      | Entered Level 5 of the Dungeon
  2401 | D:4      | Found a staircase to the Ecumenical Temple.
  2414 | Temple   | Entered the Ecumenical Temple
  2422 | Temple   | Became a worshipper of Gozag Ym Sagoz the Greedy
  2673 | D:3      | Noticed a shadow
  2674 | D:3      | Found a shadowy altar of Dithmenos.
  2675 | D:3      | Found a hazy altar of Hepliaklqana.
  3797 | D:4      | Found Piyratt's Armour Boutique.
  3805 | D:4      | Bought a +0 buckler for 54 gold pieces
  3936 | D:5      | Reached skill level 5 in Unarmed Combat
  4023 | D:5      | Reached XP level 8. HP: 54/54 MP: 8/8
  4149 | D:5      | Noticed a +0 short sword
  4150 | D:5      | Noticed a +0 spear
  4151 | D:5      | Noticed a +0 falchion
  4151 | D:5      | Noticed a +0 short sword
  4151 | D:5      | Noticed a +0 spear
  4152 | D:5      | Noticed a +0 dagger
  4152 | D:5      | Noticed a +0 dagger
  4152 | D:5      | Noticed a +0 falchion
  4159 | D:5      | Found a hide-covered altar of Uskayaw.
  4240 | D:5      | Found a broken altar of Ashenzari.
  4579 | D:6      | Noticed Menkaure
  4586 | D:6      | Killed Menkaure
  4768 | D:7      | Reached skill level 5 in Fighting
  4883 | D:7      | Noticed Pikel
  4899 | D:7      | Killed Pikel
  4900 | D:7      | Reached XP level 9. HP: 52/61 MP: 9/9
  6182 | D:8      | HP: 3/61 [wight/+2 scimitar (4)]
  6188 | D:8      | Reached XP level 10. HP: 20/69 MP: 10/10
  6366 | D:8      | Found a staircase to the Lair.
  6496 | D:8      | Found a sand-covered staircase.
  6505 | Ossuary  | Entered an ossuary
  7374 | D:9      | Noticed a kobold demonologist
  7375 | D:9      | Noticed a sun demon
  7385 | D:9      | Killed a kobold demonologist
  7418 | D:9      | Reached skill level 10 in Shapeshifting
  7714 | D:9      | Found a basalt altar of Yredelemnul.
  7724 | D:9      | Found an ornate altar of the Wu Jian Council.
  7724 | D:9      | Found a bloodstained altar of Trog.
  7742 | D:9      | Found a flagged portal.
  7752 | Bailey   | Entered a bailey
  7968 | Bailey   | Reached XP level 11. HP: 61/77 MP: 11/11
  8231 | Bailey   | Noticed an orc warlord
  8233 | Bailey   | Noticed an orc knight
  8270 | Bailey   | Noticed an orc knight
  8310 | Bailey   | Killed an orc warlord
  8313 | Bailey   | Got the Secrets of the Sandy Sun
  8320 | Bailey   | Reached XP level 12. HP: 84/84 MP: 12/12
  9528 | D:9      | Found a staircase to the Orcish Mines.
  9876 | D:9      | Found a glowing silver altar of Zin.
  9876 | D:9      | Found a sparkling altar of Nemelex Xobeh.
  9878 | D:9      | Found a radiant altar of Vehumet.
  9878 | D:9      | Found a sacrificial altar of Ru.
  9879 | D:9      | Found a stormy altar of Qazlal.
 10042 | D:9      | Found a burning altar of Makhleb.
 10042 | D:9      | Found an iron altar of Okawaru.
 10176 | D:10     | Entered Level 10 of the Dungeon
 10785 | D:10     | Bought the ring "Udwacsodd" {Drain rF+ AC+4 Int+4} for 792
                  | gold pieces
 11196 | D:11     | Found a frozen archway.
 11234 | IceCv    | Entered an ice cave
 11239 | IceCv    | Found a transporter.
 11299 | IceCv    | Found a transporter.
 11686 | D:11     | Noticed Nergalle
 11695 | D:11     | Killed Nergalle
 11696 | D:11     | Reached XP level 13. HP: 84/90 MP: 13/13
 12705 | D:11     | Reached skill level 10 in Unarmed Combat
 13584 | Lair:1   | Entered Level 1 of the Lair of Beasts
 14533 | Lair:1   | Reached skill level 10 in Dodging
 14615 | Lair:1   | Identified the +1 broad axe of Victory {drain, rF+ rN+
                  | Will-}
 14755 | Lair:2   | Found a staircase to the Snake Pit.
 14988 | Lair:2   | Noticed Harold
 15004 | Lair:2   | Killed Harold
 15005 | Lair:2   | Reached skill level 10 in Fighting
 15007 | Lair:2   | Found a staircase to the Swamp.
 15225 | D:10     | Bought the ring "Naceer" {Will+ AC+4} for 729 gold pieces
 16571 | Lair:3   | Noticed kush's ghost (journeyman HuEE)
 16571 | Lair:3   | Found a transporter.
 16634 | Lair:3   | Reached XP level 14. HP: 99/99 MP: 14/14
 17142 | D:10     | Bought a +4 ring of protection for 540 gold pieces
 17296 | Lair:3   | Found a transporter.
 18562 | Lair:4   | Found a runed translucent gate.
 18564 | Lair:4   | Found a runed translucent gate.
 18591 | Lair:4   | Found a runed translucent gate.
 18594 | Lair:4   | Noticed Alapn's ghost (journeyman KoEn)
 19166 | Lair:3   | Killed Alapn's ghost
 19464 | Lair:5   | Entered Level 5 of the Lair of Beasts
 19575 | Lair:5   | Found a dark tunnel.
 19580 | Volcano  | Entered a volcano
 20106 | Lair:5   | Found a large runed translucent door.
 20115 | Lair:5   | Found a large runed translucent door.
 20333 | Lair:5   | Reached XP level 15. HP: 69/108 MP: 8/15
 21331 | Lair:5   | Found a viscous altar of Jiyva.
 21333 | Lair:5   | Found a staircase to the Slime Pits.
 21999 | Orc:1    | Entered Level 1 of the Orcish Mines
 22002 | Orc:1    | Found a runed translucent gate.
 22002 | Orc:1    | Found a runed translucent gate.
 22002 | Orc:1    | Found a runed translucent gate.
 22005 | Orc:1    | Noticed Bemy's ghost (journeyman TrFi)
 22103 | Orc:1    | Found a burning altar of Makhleb.
 22304 | Orc:1    | Reached skill level 15 in Shapeshifting
 22412 | Orc:2    | Entered Level 2 of the Orcish Mines
 22471 | Orc:1    | Identified the +5 hand axe of Qijuethusch {flame, rPois
                  | Int+3}
 22490 | Orc:1    | Learned a level 3 spell: Ozocubu's Armour
 22733 | Orc:2    | Found a staircase to the Elven Halls.
 22968 | Orc:2    | Reached skill level 1 in Ice Magic
 23301 | Orc:2    | Paralysed by an orc sorcerer for 2 turns
 23313 | Orc:2    | Found Xorex's Magic Scroll Emporium.
 23313 | Orc:2    | Found Foin's General Store.
 23383 | Orc:2    | Found Lof Zim's Magic Scroll Emporium.
 23383 | Orc:2    | Found Quagudy's Jewellery Boutique.
 23432 | Orc:2    | Bought a scroll of acquirement for 832 gold pieces
 23699 | Orc:2    | Bought a scroll of identify for 20 gold pieces
 23701 | Orc:2    | Bought a scroll of identify for 32 gold pieces
 23701 | Orc:2    | Bought a scroll of identify for 32 gold pieces
 23701 | Orc:2    | Bought a scroll of identify for 32 gold pieces
 23705 | Orc:2    | Bought a scroll of identify for 32 gold pieces
 23705 | Orc:2    | Bought a scroll of identify for 32 gold pieces
 23709 | Orc:2    | Acquired the ring "Kunn" {rPois rF- Int+2 Dex+5 SInv}
 23712 | Orc:2    | Acquired a manual of Fighting
 23714 | Orc:2    | Acquired 665 gold pieces
 23716 | Orc:2    | Acquired 908 gold pieces
 23720 | Orc:2    | Bought a scroll of blinking for 75 gold pieces
 23720 | Orc:2    | Bought a scroll of revelation for 75 gold pieces
 23831 | Orc:1    | Killed Bemy's ghost
 23844 | Orc:1    | Identified the +0 hat of the Kitsune {Dex+2}
 23975 | Orc:2    | Bought a phial of floods for 720 gold pieces
 23977 | Orc:2    | Bought a talisman of death for 1478 gold pieces
 23978 | Orc:2    | Acquired the ring "Ogoekh" {rElec rN+}
 24738 | D:13     | Reached skill level 1 in Spellcasting
 25200 | D:13     | Found a runed translucent door.
 25209 | D:13     | Noticed Scrael's ghost (journeyman DrSh)
 25260 | D:13     | Killed Scrael's ghost
 25261 | D:13     | Reached skill level 10 in Stealth
 25261 | D:13     | Reached XP level 16. HP: 116/116 MP: 16/18
 27359 | D:14     | Found a gate to the Vaults.
 27466 | D:15     | Entered Level 15 of the Dungeon
 27560 | D:15     | Found a staircase to the Depths.
 28834 | Swamp:1  | Entered Level 1 of the Swamp
 29800 | Swamp:2  | Noticed Donald
 29819 | Swamp:2  | Killed Donald
 29931 | Swamp:2  | Reached skill level 15 in Unarmed Combat
 30060 | Swamp:1  | Reached XP level 17. HP: 108/126 MP: 20/22
 30196 | Swamp:1  | Bought a scroll of identify for 30 gold pieces
 30196 | Swamp:1  | Bought a scroll of identify for 30 gold pieces
 31871 | Swamp:4  | Entered Level 4 of the Swamp
 31966 | Swamp:4  | Reached skill level 15 in Fighting
 32263 | Swamp:4  | Noticed Nikola
 32614 | Swamp:4  | Reached skill level 5 in Spellcasting
 32899 | Swamp:4  | Killed Nikola
 32904 | Swamp:4  | Gained mutation: One of your tentacles bears a spike. [a
                  | neqoxec]
 33434 | Swamp:4  | Noticed a tentacled monstrosity
 33447 | Swamp:4  | Killed a tentacled monstrosity
 33474 | Swamp:4  | Reached XP level 18. HP: 97/132 MP: 6/26
 33770 | Swamp:4  | Got a decaying rune of Zot
 34031 | Swamp:4  | Noticed Kirke
 34045 | Swamp:4  | Killed Kirke
 34282 | Snake:1  | Entered Level 1 of the Snake Pit
 34707 | Snake:1  | Identified the +1 pair of gloves "Xupt" {rF+ rCorr}
 36089 | Snake:2  | Noticed Azrael
 36097 | Snake:2  | Killed Azrael
 36475 | Snake:2  | Found Rorocir's Book Shoppe.
 36480 | Snake:2  | Found Raplo's Jewellery Boutique.
 36481 | Snake:2  | Found Waxin's Book Shoppe.
 36497 | Snake:2  | Bought the ring of the Hare {EV+10} for 2048 gold pieces
 36497 | Snake:2  | Found the ring of the Hare {EV+10}
 36532 | Snake:2  | Found a basalt altar of Yredelemnul.
 36795 | Snake:3  | Found a runed translucent door.
 36847 | Snake:3  | Found a shimmering altar of Xom.
 36847 | Snake:3  | Noticed u553311's ghost (adept VSBr)
 36855 | Snake:3  | Killed u553311's ghost
 36859 | Snake:3  | Identified the +7 kite shield "Berub" {rElec Dex+2}
 37240 | Snake:3  | Found Ciheshux's Weapon Shop.
 37280 | Snake:3  | Noticed Aizul
 37287 | Snake:3  | Killed Aizul
 37367 | Snake:3  | Found Nahyrr's Book Emporium.
 37375 | Snake:3  | Found Zugin's Book Emporium.
 37421 | Snake:3  | Bought an Inescapable Atlas for 256 gold pieces
 37424 | Snake:3  | Learned a level 2 spell: Blink
 37787 | Snake:4  | Entered Level 4 of the Snake Pit
 37824 | Snake:4  | Reached XP level 19. HP: 144/144 MP: 28/28
 37857 | Snake:4  | Reached skill level 1 in Translocations
 38854 | Snake:4  | Got a serpentine rune of Zot
 39456 | Vaults:1 | Entered Level 1 of the Vaults
 39902 | Vaults:1 | Found Jenuen's Book Shop.
 39930 | Vaults:1 | Paralysed by a great orb of eyes for 2 turns
 40352 | Vaults:1 | Reached XP level 20. HP: 151/151 MP: 26/29
 41584 | Vaults:2 | Noticed Mara
 41622 | Vaults:2 | Identified the +11 rapier of Mastery {drain, rElec Will+
                  | Stlth+}
 41627 | Vaults:2 | Killed Mara
 42013 | Vaults:2 | Found a staircase to the Crypt.
 43048 | Vaults:3 | Reached XP level 21. HP: 159/159 MP: 27/30
 43883 | Vaults:3 | Upgraded the game from 0.31-a0-358-gac0dbeb3ab to
                  | 0.31-a0-361-g0f8bd3a31e
 43945 | Vaults:4 | Learned a level 4 spell: Manifold Assault
 44919 | Vaults:4 | Reached skill level 5 in Translocations
 45586 | Depths:1 | Entered Level 1 of the Depths
 45621 | Depths:1 | Found a gateway to Hell.
 45715 | Depths:1 | Found a magical portal.
 45729 | WizLab   | Entered Zonguldrok's Shrine
 46104 | WizLab   | Reached XP level 22. HP: 167/167 MP: 31/31
 46161 | WizLab   | Noticed an antique lich
 46172 | WizLab   | Killed an antique lich
 46183 | WizLab   | Found the +9 sword of Zonguldrok {reap}
 46325 | Depths:1 | Found a shimmering blue altar of Sif Muna.
 46367 | Depths:1 | Found a one-way gateway to a ziggurat.
 46409 | Depths:1 | Found a runed translucent door.
 46410 | Depths:1 | Found a shimmering altar of Xom.
 46410 | Depths:1 | Noticed Joepramp's ghost (veteran DjFE)
 46439 | Depths:1 | Killed Joepramp's ghost
 46443 | Depths:1 | Got the Exposition on Calling and Corpses
 46550 | Depths:1 | Found a glowing golden altar of the Shining One.
 46573 | Depths:1 | Found a one-way gate to the infinite horrors of the Abyss.
 46843 | Depths:2 | Identified the +10 crystal plate armour of the Cartwright
                  | {rPois}
 46867 | Depths:2 | Found a stormy altar of Qazlal.
 47240 | Depths:2 | Found a runed translucent gate.
 47240 | Depths:2 | Found a runed translucent gate.
 47240 | Depths:2 | Found a runed translucent gate.
 47240 | Depths:2 | Noticed Lerui's ghost (adept TrMo)
 47240 | Depths:2 | Found the +2 hat of the Bear Spirit {Spirit, Bear, *Rage
                  | Will++}
 47255 | Depths:2 | Killed Lerui's ghost
 47260 | Depths:2 | Got the Lessons on Nauseating Reconstruction
 47482 | Depths:2 | Found a one-way gate leading to the halls of Pandemonium.
 48692 | Depths:3 | Found a runed translucent door.
 48692 | Depths:3 | Noticed a golden dragon
 48695 | Depths:3 | Found a runed translucent door.
 48695 | Depths:3 | Found a runed translucent door.
 48850 | Depths:3 | Reached skill level 1 in Shields
 48998 | Depths:3 | Killed a golden dragon
 49092 | Depths:3 | Reached XP level 23. HP: 163/174 MP: 4/34
 49270 | Depths:3 | Noticed a golden dragon
 49283 | Depths:3 | Killed a golden dragon
 49417 | Depths:3 | Found a runed translucent door.
 49421 | Depths:3 | Noticed a juggernaut
 49436 | Depths:3 | Killed a juggernaut
 49458 | Depths:3 | Identified the +7 long sword "Beerheu" {spect, MP+9 Dex+6}
 49556 | Depths:3 | Identified the amulet "Qife" {Reflect SH+5 Stlth+}
 49943 | Depths:3 | Found a runed translucent gate.
 49943 | Depths:3 | Found a runed translucent gate.
 49943 | Depths:3 | Found a runed translucent gate.
 49949 | Depths:3 | Noticed Riocabaj's ghost (journeyman TrMo)
 49986 | Depths:3 | Killed Riocabaj's ghost
 50065 | Depths:3 | Identified the +2 cloak of the Will of the Gods {rF+}
 50260 | Depths:4 | Entered Level 4 of the Depths
 50282 | Depths:4 | Reached skill level 5 in Shields
 50489 | Depths:4 | Found a gate to the Realm of Zot.
 50694 | Depths:4 | Identified the ring of the Filigreed God {Ice Will- Str+2
                  | Int+8}
 50694 | Depths:4 | Noticed Josephina
 50739 | Depths:4 | Killed Josephina
 51221 | Depths:4 | Reached XP level 24. HP: 182/182 MP: 35/35
 51327 | Depths:4 | Identified the ring of Owasse {Fly rF+ MP-9 Dex+4}
 51328 | Depths:4 | Noticed an ancient lich
 51337 | Depths:4 | Killed an ancient lich
 51349 | Depths:4 | Identified the ring "Iniy" {Wiz rF+ Int+2}
 51423 | Depths:4 | Got the Omnibus of Forceful Allies
 51576 | Depths:4 | Noticed Margery
 51587 | Depths:4 | Killed Margery
 52145 | Crypt:1  | Entered Level 1 of the Crypt
 52386 | Crypt:1  | You fall into a shaft and drop 1 floor!
 52646 | Crypt:2  | Noticed Sojobo
 52659 | Crypt:2  | Killed Sojobo
 53014 | Crypt:1  | Noticed Khufu
 53026 | Crypt:1  | Found the amulet of Vitality {RegenMP++ Regen++}
 53027 | Crypt:1  | Noticed a royal mummy
 53046 | Crypt:1  | Killed Khufu
 53054 | Crypt:1  | Killed a royal mummy
 53164 | Crypt:1  | Noticed a royal mummy
 53192 | Crypt:1  | Killed a royal mummy
 53244 | Crypt:1  | Found a runed translucent gate.
 53245 | Crypt:1  | Found a runed translucent gate.
 53245 | Crypt:1  | Found a runed translucent gate.
 53246 | Crypt:1  | Noticed Beach's ghost (veteran GrFi)
 53246 | Crypt:1  | Noticed Arizal's ghost (veteran MiBe)
 53246 | Crypt:1  | Noticed Yhipuh's ghost (veteran GrEE)
 53246 | Crypt:1  | Noticed Cikey's ghost (adept DgNe)
 53247 | Crypt:1  | Found the +4 robe of Folly {Brill Will-∞ Int+8}
 53247 | Crypt:1  | Noticed Neirri's ghost (veteran DrHW)
 53253 | Crypt:1  | Learned a level 2 spell: Wereblood
 53257 | Crypt:1  | Learned a level 3 spell: Swiftness
 53687 | Crypt:1  | Reached skill level 10 in Shields
 53966 | Crypt:1  | Killed Beach's ghost
 54019 | Crypt:1  | Killed Arizal's ghost
 54035 | Crypt:1  | Killed Neirri's ghost
 54059 | Crypt:1  | Killed Yhipuh's ghost
 54060 | Crypt:1  | Reached XP level 25. HP: 170/190 MP: 33/36
 54091 | Crypt:1  | Killed Cikey's ghost
 54113 | Crypt:1  | Got the Annotations on Discontinuous Bombardment
 54117 | Crypt:1  | Learned a level 2 spell: Lesser Beckoning
 54629 | Crypt:3  | Entered Level 3 of the Crypt
 54714 | Crypt:3  | Reached skill level 10 in Spellcasting
 54985 | Crypt:3  | Found the +5 scythe "Finisher" {speed, execute}
 55303 | Crypt:3  | Identified the +6 falchion "Suca" {flame, Will+ Str+4
                  | Int+4}
 55457 | Crypt:3  | Identified the +4 mace "Kegaraeme" {drain, rF+ Str+7 Int+3
                  | Stlth-}
 55480 | Crypt:3  | Noticed Frederick
 55500 | Crypt:3  | Killed Frederick
 55778 | Crypt:3  | Found a staircase to the Tomb.
 55780 | Crypt:3  | Noticed an ancient lich
 55789 | Crypt:3  | Killed an ancient lich
 55834 | Crypt:3  | Identified the ring "Zimozxum" {rF+ Str+3}
 56631 | Elf:1    | Entered Level 1 of the Elven Halls
 56664 | Elf:1    | Found a radiant altar of Vehumet.
 56784 | Elf:1    | Found Xerulema's Magic Scroll Boutique.
 56979 | Elf:1    | Identified the +3 great sword "Meceghuy" {vamp, rC++}
 57351 | Elf:1    | Found Azeschofa's Assorted Antiques.
 57622 | Elf:1    | Found Ycacwez's Antique Weapon Emporium.
 57741 | Elf:2    | Reached skill level 1 in Air Magic
 58200 | Elf:2    | Found a runed translucent gate.
 58200 | Elf:2    | Found a runed translucent gate.
 58201 | Elf:2    | Found a runed translucent gate.
 58214 | Elf:2    | Noticed Saint Roka
 58242 | Elf:2    | Killed Saint Roka
 58458 | Elf:2    | Found a shimmering blue altar of Sif Muna.
 58564 | Elf:3    | Entered Level 3 of the Elven Halls
 58739 | Elf:3    | Reached XP level 26. HP: 190/198 MP: 35/37
 59077 | Elf:3    | Identified the +7 hand axe of Ukeikhli {flame, rElec rF+++
                  | Str-4 Stlth+}
 59119 | Elf:3    | Found the +8 Vampire's Tooth {megavamp}
 59129 | Elf:3    | Found the amulet of Elemental Vulnerability {rPois rF--
                  | rC-- AC+8}
 59189 | Elf:3    | Identified the +8 plate armour "Jairo" {Str+3}
 59857 | D:14     | Bought the Tome of Disjunct Firn for 504 gold pieces
 59861 | D:14     | Learned a level 3 spell: Vhi's Electric Charge
 59933 | D:14     | Bought a storm talisman for 1819 gold pieces
 59940 | D:14     | Bought a scroll of blinking for 150 gold pieces
 60106 | Orc:2    | Bought a ring of resist corrosion for 260 gold pieces
 60421 | Slime:1  | Entered Level 1 of the Pits of Slime
 60423 | Slime:1  | You are sucked into a shaft and drop 1 floor!
 60475 | Slime:2  | Reached skill level 1 in Transmutations
 62392 | Slime:5  | Entered Level 5 of the Pits of Slime
 62596 | Slime:5  | Noticed the Royal Jelly
 62622 | Slime:5  | Killed the Royal Jelly
 62705 | Slime:5  | Found the +16 obsidian axe {drain, demonic, Mesm Drain Fly
                  | SInv}
 62705 | Slime:5  | Found the +5 Lochaber axe {reach-cleave, Poleaxe Drain}
 62706 | Slime:5  | Found the amulet of the Four Winds {rN+ Will+++ Clar}
 62747 | Slime:5  | Got a slimy rune of Zot
 62748 | Slime:5  | Identified the staff "Lokafah" {rPois Ice Air Earth}
 62750 | Slime:5  | Identified the +6 glaive of Integrity {heavy, Str+2}
 62754 | Slime:5  | Identified the +1 robe of Impressiveness {rC- Will+ Int+3
                  | Dex+4}
 62763 | Slime:5  | Identified the +2 short sword of Due Proportion {antimagic,
                  | rF+ Dex+3}
 62793 | Slime:5  | Got Total Understanding of Theurgy
 62814 | Slime:5  | Identified the +8 whip "Kushiffe" {elec, rElec Str+4
                  | Stlth-}
 62827 | Slime:5  | Identified the +9 long sword of Setutsu {venom, rElec rF-
                  | rN+}
 63698 | Vaults:5 | Entered Level 5 of the Vaults
 63706 | Vaults:5 | Reached XP level 27. HP: 206/206 MP: 37/37
 63792 | Vaults:5 | Reached skill level 15 in Shields
 63857 | Vaults:5 | Identified the ring "Luyff" {rElec rN+ Will- Str+4}
 63877 | Vaults:5 | Got a silver rune of Zot
 63941 | Vaults:5 | Identified the ring "Xedgh" {rC+ rCorr Str+6 Stlth+}
 63990 | Vaults:5 | Noticed a dread lich
 63994 | Vaults:5 | Killed a dread lich
 64155 | Vaults:5 | Noticed a dread lich
 64161 | Vaults:5 | Paralysed by something for 3 turns
 64166 | Vaults:5 | Killed a dread lich
 64595 | Vaults:5 | Identified the +0 orcbow of Distant Worlds {flame, rC++
                  | Will+ Stlth-}
 64825 | Vaults:5 | Identified the +10 plate armour of the Alphagorgon {Regen+}
 64926 | Vaults:5 | Acquired 839 gold pieces
 65264 | Orc:2    | Bought a ring of willpower for 325 gold pieces
 65264 | Orc:2    | Bought a +4 ring of slaying for 1014 gold pieces
 65264 | Orc:2    | Bought a +6 ring of strength for 468 gold pieces
 65273 | Orc:2    | Acquired a manual of Shields
 65279 | Orc:2    | Bought a scroll of enchant armour for 75 gold pieces
 65279 | Orc:2    | Bought a scroll of enchant armour for 75 gold pieces
 66126 | Depths:1 | Voluntarily entered the Abyss.
 66163 | Abyss:1  | Found a corrupted altar of Lugonu.
 66256 | Abyss:1  | Found a corrupted altar of Lugonu.
 66309 | Abyss:2  | Learned a level 2 spell: Passwall
 66322 | Abyss:3  | Found a corrupted altar of Lugonu.
 66323 | Abyss:3  | Found a corrupted altar of Lugonu.
 66403 | Abyss:3  | Paralysed by you for 4 turns
 66764 | Abyss:3  | Got an abyssal rune of Zot
 66784 | Depths:1 | Escaped the Abyss
 66814 | Hell     | Entered the Vestibule of Hell
 66816 | Hell     | Noticed Geryon
 66820 | Hell     | Killed Geryon
 66990 | Hell     | Found a gateway to the freezing wastes of Cocytus.
 67166 | Hell     | Found a gateway to the decaying netherworld of Tartarus.
 67254 | Hell     | Found a gateway to the ashen valley of Gehenna.
 67367 | Hell     | Found a gateway to the Iron City of Dis.
 67573 | Zot:1    | Entered Level 1 of the Realm of Zot
 67607 | Zot:1    | You are sucked into a shaft and drop 1 floor!
 69708 | Zot:3    | Learned a level 4 spell: Passage of Golubria
 70661 | Zot:4    | Identified the +6 battleaxe of Jyqot {protect, Int+3}
 70818 | Zot:5    | Entered Level 5 of the Realm of Zot
 71043 | Zot:5    | Noticed an orb of fire
 71045 | Zot:5    | Killed an orb of fire
 71329 | Zot:5    | Noticed a dread lich
 71333 | Zot:5    | Killed a dread lich
 71342 | Zot:5    | Noticed an orb of fire
 71346 | Zot:5    | Noticed an orb of fire
 71348 | Zot:5    | Noticed an ancient lich
 71350 | Zot:5    | Noticed an orb of fire
 71352 | Zot:5    | Noticed a dread lich
 71356 | Zot:5    | Killed an orb of fire
 71356 | Zot:5    | Gained mutation: One of your tentacles bears a nasty spike.
                  | [an orb of fire]
 71359 | Zot:5    | Killed an orb of fire
 71360 | Zot:5    | Noticed a dread lich
 71362 | Zot:5    | Killed an orb of fire
 71365 | Zot:5    | Killed an ancient lich
 71370 | Zot:5    | Noticed an ancient lich
 71382 | Zot:5    | Killed a dread lich
 71388 | Zot:5    | Killed an ancient lich
 71394 | Zot:5    | Noticed an orb of fire
 71401 | Zot:5    | Killed an orb of fire
 71405 | Zot:5    | Noticed an ancient lich
 71405 | Zot:5    | Noticed an ancient lich
 71408 | Zot:5    | Paralysed by something for 4 turns
 71417 | Zot:5    | Killed a dread lich
 71420 | Zot:5    | Killed an ancient lich
 71428 | Zot:5    | Noticed an ancient lich
 71438 | Zot:5    | Killed an ancient lich
 71443 | Zot:5    | Killed an ancient lich
 71444 | Zot:5    | Noticed a dread lich
 71444 | Zot:5    | Noticed a dread lich
 71452 | Zot:5    | Killed a dread lich
 71456 | Zot:5    | Killed a dread lich
 71567 | Zot:5    | Gained mutation: You occasionally lose the ability to read
                  | scrolls when taking damage. [mutagenic glow]
 71584 | Zot:5    | Gained mutation: You are frail. (-10% HP) [mutagenic glow]
 71598 | Zot:5    | Gained mutation: You are partially covered in iridescent
                  | scales. (AC +2) [mutagenic glow]
 71621 | Zot:5    | Gained mutation: You sometimes lose your temper in combat.
                  | [mutagenic glow]
 71659 | Zot:5    | Lost mutation: You sometimes lose your temper in combat.
                  | [potion of mutation]
 71659 | Zot:5    | Lost mutation: You occasionally lose the ability to read
                  | scrolls when taking damage. [potion of mutation]
 71659 | Zot:5    | Lost mutation: You are frail. (-10% HP) [potion of
                  | mutation]
 71659 | Zot:5    | Lost mutation: You are partially covered in iridescent
                  | scales. (AC +2) [potion of mutation]
 71659 | Zot:5    | Gained mutation: Your spells are a little harder to cast,
                  | but a little more powerful. [potion of mutation]
 71752 | Zot:5    | Noticed a dread lich
 71763 | Zot:5    | Killed a dread lich
 71916 | Zot:5    | Noticed a dread lich
 71923 | Zot:5    | Killed a dread lich
 72368 | Geh:1    | Entered Level 1 of Gehenna
 72391 | Geh:1    | Noticed a dread lich
 72397 | Geh:1    | Killed a dread lich
 72398 | Geh:1    | Reached skill level 27 in Shapeshifting
 72399 | Geh:1    | Noticed a dread lich
 72399 | Geh:1    | Noticed a dread lich
 72399 | Geh:1    | Noticed a dread lich
 72399 | Geh:1    | Noticed a dread lich
 72399 | Geh:1    | Noticed an ancient lich
 72403 | Geh:1    | Killed a dread lich
 72406 | Geh:1    | Killed an ancient lich
 72412 | Geh:1    | Killed a dread lich
 72416 | Geh:1    | Killed a dread lich
 72420 | Geh:1    | Killed a dread lich
 72577 | Geh:1    | Noticed an ancient lich
 72583 | Geh:1    | Killed an ancient lich
 73164 | Geh:2    | Reached skill level 15 in Dodging
 73511 | Geh:3    | Noticed an ancient lich
 73520 | Geh:3    | Killed an ancient lich
 73539 | Geh:3    | You fall into a shaft and drop 1 floor!
 74049 | Geh:6    | Noticed a dread lich
 74074 | Geh:6    | Killed a dread lich
 74086 | Geh:7    | Entered Level 7 of Gehenna
 74880 | Geh:7    | Found the +13 sceptre of Asmodeus
 74880 | Geh:7    | Noticed Asmodeus
 74895 | Geh:7    | Killed Asmodeus
 74963 | Geh:7    | Identified the +2 leather armour "Puriq" {Int+4}
 74969 | Geh:7    | Identified the +1 ring mail "Noish" {rElec Int+7 Dex+2}
 74976 | Geh:7    | Identified the ring "Utyvom" {rElec rC+ Dex+2 Slay+4}
 74984 | Geh:7    | Identified the ring of Wunlerit {Fly rC- rN+ Will+ Str+4}
 74988 | Geh:7    | Identified the +2 shortbow of Deformation {speed, rPois}
 74996 | Geh:7    | Got an obsidian rune of Zot
 75005 | Geh:7    | Identified the staff of Overwhelming Force {rF+ rN+ Str+3
                  | Int+3 Fire}
 75283 | Coc:1    | Entered Level 1 of Cocytus
 75641 | Coc:2    | Reached skill level 15 in Stealth
 75657 | Coc:2    | Reached skill level 27 in Unarmed Combat
 76401 | Coc:4    | Paralysed by a wendigo for 1 turns
 77387 | Coc:6    | Noticed a dread lich
 77403 | Coc:6    | Killed a dread lich
 77667 | Coc:7    | Entered Level 7 of Cocytus
 77921 | Coc:7    | Paralysed by a wendigo for 1 turns
 77968 | Coc:7    | Reached skill level 15 in Spellcasting
 78266 | Coc:7    | Identified the ring "Luilobb" {rElec rC++ Slay+4}
 78266 | Coc:7    | Noticed Antaeus
 78269 | Coc:7    | Found the ring of the Octopus King
 78298 | Coc:7    | Identified a ring of the Octopus King {HP+2 MP+9 AC+2 EV+2
                  | SH+2}
 78413 | Coc:7    | Killed Antaeus
 78426 | Coc:7    | Got an icy rune of Zot
 78795 | Coc:7    | Paralysed by a wendigo for 1 turns
 79027 | Coc:7    | Reached skill level 27 in Fighting
 79305 | Tar:1    | Entered Level 1 of Tartarus
 80119 | Tar:4    | Found a huge runed gate.
 80119 | Tar:4    | Found a huge runed gate.
 80119 | Tar:4    | Found a huge runed gate.
 80119 | Tar:4    | Found a huge runed gate.
 80121 | Tar:4    | Found a huge runed gate.
 80121 | Tar:4    | Found a huge runed gate.
 80122 | Tar:4    | Found a huge runed gate.
 80122 | Tar:4    | Found a huge runed gate.
 80122 | Tar:4    | Found a huge runed gate.
 80124 | Tar:4    | Found a huge runed gate.
 80127 | Tar:4    | Found a huge runed gate.
 80127 | Tar:4    | Found a huge runed gate.
 80127 | Tar:4    | Found a huge runed gate.
 80127 | Tar:4    | Found a huge runed gate.
 80127 | Tar:4    | Found a huge runed gate.
 80127 | Tar:4    | Found a huge runed gate.
 80128 | Tar:4    | Found a huge runed gate.
 80244 | Tar:4    | Found a huge runed gate.
 80244 | Tar:4    | Found a huge runed gate.
 80244 | Tar:4    | Found a huge runed gate.
 80244 | Tar:4    | Found a huge runed gate.
 80244 | Tar:4    | Found a huge runed gate.
 80244 | Tar:4    | Found a huge runed gate.
 80245 | Tar:4    | Found a huge runed gate.
 80246 | Tar:4    | Found a huge runed gate.
 80247 | Tar:4    | Found a huge runed gate.
 80255 | Tar:4    | Found a huge runed gate.
 80255 | Tar:4    | Found a huge runed gate.
 80255 | Tar:4    | Found a huge runed gate.
 80255 | Tar:4    | Found a huge runed gate.
 80255 | Tar:4    | Found a huge runed gate.
 80255 | Tar:4    | Found a huge runed gate.
 80256 | Tar:4    | Found a huge runed gate.
 80257 | Tar:4    | Found a huge runed gate.
 80258 | Tar:4    | Found a huge runed gate.
 80266 | Tar:4    | Found a huge runed gate.
 80342 | Tar:4    | Noticed an ancient lich
 80343 | Tar:4    | Noticed a dread lich
 80343 | Tar:4    | Noticed an ancient lich
 80349 | Tar:4    | Killed a dread lich
 80355 | Tar:4    | Noticed an ancient lich
 80359 | Tar:4    | Killed an ancient lich
 80360 | Tar:4    | Killed an ancient lich
 81030 | Tar:7    | Entered Level 7 of Tartarus
 81209 | Tar:7    | Reached skill level 10 in Translocations
 81882 | Tar:7    | Noticed the Serpent of Hell
 81892 | Tar:7    | Killed the Serpent of Hell
 81901 | Tar:7    | Noticed Ereshkigal
 81925 | Tar:7    | Paralysed by Ereshkigal for 4 turns
 81974 | Tar:7    | Killed Ereshkigal
 82134 | Tar:7    | Identified the +8 falchion "Roerghog" {holy, Dex+2}
 82138 | Tar:7    | Identified the staff "Maosk" {Fragile rPois Dex+4 Earth}
 82667 | Tar:7    | Identified the ring of Fagexal {rC+ Will+ Str+4}
 82670 | Tar:7    | Identified the ring "Imilliel" {MP+9 Str+3 Slay+4}
 82828 | Tar:7    | Found the +8 trishula "Condemnation" {holy, anguish, *Noise
                  | Fly rN+}
 82834 | Tar:7    | Identified the amulet of Ymehur {Spirit Int+3}
 82838 | Tar:7    | Got a bone rune of Zot
 82840 | Tar:7    | Identified the +3 ring mail of Zoqattuu {Dex+2}
 82843 | Tar:7    | Identified the +0 pair of gloves "Jaupsun" {+Inv rN+++
                  | Will+ Str-5}
 83539 | D:8      | Bought a phantom mirror for 600 gold pieces
 83648 | Snake:3  | Bought a manual of Stealth for 1280 gold pieces
 84007 | Dis:1    | Entered Level 1 of the Iron City of Dis
 84009 | Dis:1    | Noticed an ancient lich
 84020 | Dis:1    | Killed an ancient lich
 84297 | Dis:2    | You are sucked into a shaft and drop 1 floor!
 85164 | Dis:7    | Entered Level 7 of the Iron City of Dis
 85412 | Dis:7    | Noticed a juggernaut
 85421 | Dis:7    | Killed a juggernaut
 85612 | Dis:7    | Noticed a juggernaut
 85629 | Dis:7    | Killed a juggernaut
 85974 | Dis:7    | Noticed Dispater
 85995 | Dis:7    | Killed Dispater
 85995 | Dis:7    | Noticed a juggernaut
 85997 | Dis:7    | Killed a juggernaut
 86029 | Dis:7    | Identified the ring of Emuannum {*Corrode EV+5 Str-4 Int+8
                  | Dex+3}
 86036 | Dis:7    | Got an iron rune of Zot
 86037 | Dis:7    | Identified the +0 plate armour of Fun and Games {+Blink
                  | Will- Dex+3}
 86156 | Dis:7    | Found the +9 sword of Power {lifebolt}
 86163 | Dis:7    | Identified the amulet "Harras" {-Cast Regen+ Dex+4}
 86304 | Dis:7    | Identified the +10 quarterstaff of Division {flame, Str+3
                  | Dex+4}
 86347 | Dis:7    | Identified the +4 mace "Dilagi" {venom, Fly rF- Str-4
                  | Int+8}
 88027 | Orc:2    | Bought a scroll of butterflies for 64 gold pieces
 88027 | Orc:2    | Bought a scroll of torment for 152 gold pieces
 88027 | Orc:2    | Bought a scroll of fog for 64 gold pieces
 88030 | Orc:2    | Bought 2 potions of curing for 108 gold pieces
 88030 | Orc:2    | Bought a scroll of butterflies for 72 gold pieces
 88249 | Swamp:1  | Bought a scroll of revelation for 112 gold pieces
 88249 | Swamp:1  | Bought a scroll of fog for 60 gold pieces
 88598 | Depths:2 | Bought the ring "Asyps" {rF+ rC- EV+5 SInv Stlth+} for 1250
                  | gold pieces
 89245 | Snake:3  | Bought a Grand Grimoire for 544 gold pieces
 89607 | Depths:2 | Learned a level 6 spell: Dispersal
 89608 | Pan      | Entered Pandemonium
 89608 | Pan      | Noticed Mofizon the pandemonium lord
 89619 | Pan      | Killed Mofizon the pandemonium lord
 89936 | Pan      | Noticed Dymaoki the pandemonium lord
 90314 | Pan      | Killed Dymaoki the pandemonium lord
 90335 | Pan      | Identified the +10 sling of Superiority {flame, Str+2}
 90338 | Pan      | Got a demonic rune of Zot
 90339 | Pan      | Identified the ring of Jocvuos {rF++ SInv}
 90351 | Pan      | Entered the realm of Cerebov.
 90444 | Pan      | Found the +6 sword of Cerebov {flame}
 90444 | Pan      | Noticed Cerebov
 90462 | Pan      | Killed Cerebov
 90522 | Pan      | Identified the +7 longbow of the Rat {speed, Str+4 Int+5
                  | Dex-2}
 90571 | Pan      | Identified the +3 orcbow "Zengyedu" {drain, rN+}
 90601 | Pan      | Got the Excursus on Macabre Fulmination
 90648 | Pan      | Identified the +2 robe of the Planets {rF- rC++ Will+++
                  | Int-4}
 90669 | Pan      | Got a fiery rune of Zot
 90890 | Pan      | Found an exit through the horrors of the Abyss.
 91440 | Pan      | Noticed Orodgh the pandemonium lord
 91440 | Pan      | Identified the +0 cloak of the Pure Souls {Rampage rPois
                  | rCorr MP-9}
 91448 | Pan      | Killed Orodgh the pandemonium lord
 91903 | Pan      | Found a glowing golden altar of the Shining One.
 91903 | Pan      | Noticed a seraph
 91907 | Pan      | Killed a seraph
 91948 | Pan      | Got Sif Muna's Incunabulum of the Tesseract
 91956 | Pan      | Identified the amulet of Beogh's Scorn {RegenMP rPois rC+
                  | Dex+4 Stlth-}
 91959 | Pan      | Identified the staff of the Crawling Thing {rF+ rCorr Fire}
 91964 | Pan      | Identified the +9 mace "Yneuphowk" {venom, rCorr Dex+5}
 91965 | Pan      | Identified the +3 arbalest of the Flying Fool {heavy,
                  | *Corrode +Blink Fly rF-}
 91966 | Pan      | Identified the +3 short sword "Fem Luox" {freeze, *Noise
                  | rElec Str+3}
 92214 | Pan      | Found a white marble altar of Elyvilon.
 92294 | Pan      | Identified the +3 tower shield of Watchfulness {Will+ rCorr
                  | Slay+3}
 92565 | Pan      | Identified the +1 dagger "Ytib" {protect, rPois}
 92759 | Pan      | Identified the -1 tower shield of Twilight {Rampage Fly
                  | Int-5 Dex+3}
 92892 | Pan      | Reached skill level 27 in Stealth
 93059 | Pan      | Identified the +1 tower shield of Rodwag Vaown {rF+}
 93075 | Pan      | Found a glowing silver altar of Zin.
 93651 | Pan      | Found a transporter.
 93754 | Pan      | Found a transporter.
 93780 | Pan      | Reached skill level 1 in Short Blades
 93809 | Pan      | Identified the ring of Entrepreneurial Spirit {rCorr MP+9
                  | Dex+3 SInv}
 93821 | Pan      | Identified the +5 war axe "Gaaz Beyle" {pain, rElec}
 93822 | Pan      | Identified the ring of Xom's Castigation {*Corrode Fly
                  | Will++ MP+9 Int+3}
 93960 | Pan      | Entered the realm of Lom Lobon.
 94177 | Pan      | Noticed Lom Lobon
 94186 | Pan      | Killed Lom Lobon
 94345 | Pan      | Got a magical rune of Zot
 94567 | Pan      | Entered the realm of Mnoleg.
 94823 | Pan      | Noticed Mnoleg
 94842 | Pan      | Killed Mnoleg
 94855 | Pan      | Reached skill level 5 in Short Blades
 94875 | Pan      | Got a glowing rune of Zot
 94982 | Pan      | Entered the realm of Gloorx Vloq.
 95061 | Pan      | Found an exit through the horrors of the Abyss.
 95247 | Pan      | Noticed Gloorx Vloq
 95259 | Pan      | Killed Gloorx Vloq
 95260 | Pan      | Reached skill level 15 in Translocations
 95342 | Pan      | Got a dark rune of Zot
 95564 | Pan      | Took an exit into the Abyss.
 95564 | Abyss:3  | Escaped into the Abyss
 95574 | Abyss:3  | Found a corrupted altar of Lugonu.
 95593 | Depths:2 | Escaped the Abyss
 95609 | Depths:2 | Bought a ring of the Octopus King {rF+ HP+2 AC+2 EV+2 SH+2}
                  | for 921 gold pieces
 95609 | Depths:2 | Found the ring of the Octopus King {rF+ HP+2 AC+2 EV+2
                  | SH+2}
 96126 | Tomb:1   | Entered Level 1 of the Tomb of the Ancients
 96371 | Tomb:1   | Noticed a royal mummy
 96380 | Tomb:1   | Killed a royal mummy
 96645 | Tomb:1   | Found the ring of the Octopus King {rCorr HP+2 AC+2 EV+2
                  | SH+2}
 96939 | Tomb:2   | Noticed a royal mummy
 96940 | Tomb:2   | Noticed a royal mummy
 96946 | Tomb:2   | Noticed a royal mummy
 96946 | Tomb:2   | Noticed a royal mummy
 96960 | Tomb:2   | Killed a royal mummy
 97001 | Tomb:2   | Killed a royal mummy
 97020 | Tomb:2   | Killed a royal mummy
 97046 | Tomb:2   | Killed a royal mummy
 97500 | Tomb:1   | Noticed a royal mummy
 97500 | Tomb:1   | Noticed a royal mummy
 97504 | Tomb:1   | Noticed a royal mummy
 97511 | Tomb:1   | Killed a royal mummy
 97517 | Tomb:1   | Killed a royal mummy
 97522 | Tomb:1   | Killed a royal mummy
 97566 | Tomb:1   | Noticed a royal mummy
 97577 | Tomb:1   | Noticed a royal mummy
 97581 | Tomb:1   | Killed a royal mummy
 97589 | Tomb:1   | Killed a royal mummy
 97602 | Tomb:1   | Noticed a royal mummy
 97608 | Tomb:1   | Killed a royal mummy
 97609 | Tomb:1   | Noticed a royal mummy
 97609 | Tomb:1   | Noticed a royal mummy
 97614 | Tomb:1   | Noticed a royal mummy
 97614 | Tomb:1   | Noticed a royal mummy
 97622 | Tomb:1   | Killed a royal mummy
 97639 | Tomb:1   | Killed a royal mummy
 97641 | Tomb:1   | Noticed a royal mummy
 97641 | Tomb:1   | Noticed a royal mummy
 97644 | Tomb:1   | Noticed a royal mummy
 97645 | Tomb:1   | Killed a royal mummy
 97650 | Tomb:1   | Killed a royal mummy
 97653 | Tomb:1   | Killed a royal mummy
 97658 | Tomb:1   | Killed a royal mummy
 97664 | Tomb:1   | Killed a royal mummy
 97697 | Tomb:1   | Noticed a royal mummy
 97712 | Tomb:1   | Killed a royal mummy
 97772 | Tomb:1   | Noticed a royal mummy
 97781 | Tomb:1   | Killed a royal mummy
 97793 | Tomb:1   | Noticed a royal mummy
 97799 | Tomb:1   | Killed a royal mummy
 97800 | Tomb:1   | Reached skill level 10 in Short Blades
 97801 | Tomb:1   | Noticed a royal mummy
 97807 | Tomb:1   | Killed a royal mummy
 97823 | Tomb:1   | Noticed a royal mummy
 97823 | Tomb:1   | Noticed a royal mummy
 97829 | Tomb:1   | Killed a royal mummy
 97835 | Tomb:1   | Killed a royal mummy
 97868 | Tomb:1   | Acquired a manual of Earth Magic
 97908 | Tomb:2   | Paralysed by a Zot trap for 3 turns
 98022 | Tomb:3   | Entered Level 3 of the Tomb of the Ancients
 98039 | Tomb:3   | Noticed a royal mummy
 98054 | Tomb:3   | Noticed a royal mummy
 98054 | Tomb:3   | Noticed a royal mummy
 98068 | Tomb:3   | Noticed a royal mummy
 98071 | Tomb:3   | Noticed a royal mummy
 98072 | Tomb:3   | Noticed a royal mummy
 98077 | Tomb:3   | Killed a royal mummy
 98082 | Tomb:3   | Noticed a royal mummy
 98093 | Tomb:3   | Killed a royal mummy
 98109 | Tomb:3   | Killed a royal mummy
 98110 | Tomb:3   | Noticed a royal mummy
 98112 | Tomb:3   | Noticed a royal mummy
 98148 | Tomb:3   | Killed a royal mummy
 98159 | Tomb:3   | Killed a royal mummy
 98164 | Tomb:3   | Killed a royal mummy
 98169 | Tomb:3   | Killed a royal mummy
 98173 | Tomb:3   | Killed a royal mummy
 98255 | Tomb:3   | Killed a royal mummy
 98406 | Tomb:3   | Identified the ring "Zutuff" {rC+ AC+4 Str+2}
 98411 | Tomb:3   | Identified the +9 rapier of Certain Death {heavy, Dex+3
                  | Stlth+}
 98412 | Tomb:3   | Identified the +4 orcbow "Wuvas" {drain, rC+ rCorr Str+3}
 98413 | Tomb:3   | Identified the staff of Equivalence {rPois Conj}
 98416 | Tomb:3   | Identified the amulet of the Country {Reflect Rampage
                  | Regen+ SH+5}
 98419 | Tomb:3   | Identified the +8 long sword "Demonbane" {protect, Dex+3}
 98425 | Tomb:3   | Got Zyistriewn's Omnibus of Undead Reformation
 98453 | Tomb:3   | Identified the ring of the Raven {rN+ Int+4}
 98646 | Tomb:3   | Identified the +5 dagger of Hid Awk {antimagic, *Noise rF++
                  | Int-3 Stlth+}
 98869 | Tomb:3   | Got a golden rune of Zot
 99562 | Zig:1    | Entered Level 1 of a ziggurat
 99586 | Zig:2    | Entered Level 2 of a ziggurat
 99602 | Zig:3    | Entered Level 3 of a ziggurat
 99633 | Zig:4    | Entered Level 4 of a ziggurat
 99635 | Zig:4    | Noticed a dread lich
 99643 | Zig:4    | Killed a dread lich
 99663 | Zig:5    | Entered Level 5 of a ziggurat
 99690 | Zig:6    | Entered Level 6 of a ziggurat
 99743 | Zig:6    | Identified the +4 plate armour of Mocrasch {rPois Int+4}
 99758 | Zig:7    | Entered Level 7 of a ziggurat
 99798 | Zig:8    | Entered Level 8 of a ziggurat
 99805 | Zig:8    | Found the ring of the Octopus King
 99825 | Zig:8    | Identified the staff "Biozub" {rElec Str+3 Air}
 99870 | Zig:8    | Identified a ring of the Octopus King {Fly HP+2 AC+2 EV+2
                  | SH+2}
 99885 | Zig:9    | Entered Level 9 of a ziggurat
 99892 | Zig:9    | Noticed a dread lich
 99894 | Zig:9    | Noticed a dread lich
 99897 | Zig:9    | Killed a dread lich
 99909 | Zig:9    | Killed a dread lich
 99936 | Zig:9    | Got Hugyutto's Reference Book on Points and the Xenotype
 99945 | Zig:10   | Entered Level 10 of a ziggurat
 99962 | Zig:10   | Noticed Niafud the pandemonium lord
100001 | Zig:10   | Killed Niafud the pandemonium lord
100093 | Zig:11   | Entered Level 11 of a ziggurat
100174 | Zig:11   | Identified the ring of Kindness {Wiz rCorr Slay+3 Stlth+}
100196 | Zig:12   | Entered Level 12 of a ziggurat
100292 | Zig:12   | Identified the +2 war axe of the Equator {freeze, *Rage
                  | rN+++ Dex+3}
100301 | Zig:13   | Entered Level 13 of a ziggurat
100313 | Zig:13   | Noticed a juggernaut
100313 | Zig:13   | Noticed a juggernaut
100325 | Zig:13   | Killed a juggernaut
100337 | Zig:13   | Killed a juggernaut
100448 | Zig:13   | Got Sif Muna's Precepts of the Torch and the Wayfarer
100458 | Zig:13   | Learned a level 1 spell: Apportation
100468 | Zig:14   | Entered Level 14 of a ziggurat
100577 | Zig:15   | Entered Level 15 of a ziggurat
100601 | Zig:15   | Noticed Doqo the pandemonium lord
100621 | Zig:15   | Killed Doqo the pandemonium lord
100812 | Zig:15   | Identified the staff "Cecs" {rN+ Str+3 Necro}
100819 | Zig:15   | Identified the staff of the Fool {rC+ rN+ Int+2 Ice}
100852 | Zig:16   | Entered Level 16 of a ziggurat
100880 | Zig:16   | Found the macabre finger necklace {Finger+ rN+}
100933 | Zig:16   | Got the Incunable of Helpful Blasphemous Deeds
100977 | Zig:17   | Entered Level 17 of a ziggurat
101015 | Zig:17   | Noticed a dread lich
101026 | Zig:17   | Reached skill level 27 in Spellcasting
101038 | Zig:17   | Killed a dread lich
101138 | Zig:17   | Identified the +9 great sword of the Three Beds {flame, Fly
                  | Int-3 Dex+4}
101167 | Zig:18   | Entered Level 18 of a ziggurat
101288 | Zig:18   | Identified the ring of Zivi {rF+ rCorr}
101305 | Zig:18   | Identified the ring of Atheism {+Blink rElec rC+ Int+6}
101321 | Zig:18   | Identified the +1 leather armour of Dalofeen {rElec rN+
                  | Will+}
101335 | Zig:19   | Entered Level 19 of a ziggurat
101347 | Zig:19   | Noticed a juggernaut
101347 | Zig:19   | Noticed a juggernaut
101358 | Zig:19   | Killed a juggernaut
101358 | Zig:19   | Killed a juggernaut
101367 | Zig:19   | Noticed a juggernaut
101407 | Zig:19   | Killed a juggernaut
101503 | Zig:19   | Identified the +4 short sword "Wimus" {vamp, rC+ Str+3}
101510 | Zig:19   | Identified the amulet "Ybbaeg Cung" {Spirit Str+9 Dex-4}
101559 | Zig:20   | Entered Level 20 of a ziggurat
101599 | Zig:20   | Found the +27 heavy crossbow "Sniper" {heavy, Acc+∞ SInv}
101644 | Zig:20   | Found the dreamshard necklace {Acrobat *Dream}
101644 | Zig:20   | Found the ring of the Tortoise {AC+8}
101751 | Zig:20   | Identified the staff "Veha" {Contam rF+ Dex+4 Earth}
101753 | Zig:20   | Identified the +1 battleaxe of Geduy {freeze, Will+ Int+5}
101755 | Zig:20   | Identified the staff "Cesosm" {rPois rF+ Dex-5 Stlth+ Tloc
                  | Fire}
101757 | Zig:20   | Identified the staff "Dustepra" {rElec rN++ Str-4 Dex+4
                  | Air}
101815 | Zig:21   | Entered Level 21 of a ziggurat
102113 | Zig:21   | Identified the ring "Huxkel" {Will+ Slay+4}
102125 | Zig:21   | Identified the ring "Tapoarph" {rElec Will+}
102129 | Zig:21   | Identified the +1 orcbow "Leozif" {drain, Fragile Will+
                  | Dex+3 SInv}
102132 | Zig:21   | Identified the ring "Itio" {rPois rF+ Str+5 Int-2}
102190 | Zig:22   | Entered Level 22 of a ziggurat
102242 | Zig:22   | Reached skill level 27 in Dodging
102286 | Zig:22   | Got the Discourse on Injurious Venom
102299 | Zig:22   | Identified the +10 flail "Juesoibb" {pain, rCorr}
102319 | Zig:22   | Identified the +3 mace "Zealil" {flame, rN+}
102474 | Zig:23   | Entered Level 23 of a ziggurat
102486 | Zig:23   | Noticed a royal mummy
102517 | Zig:23   | Killed a royal mummy
102517 | Zig:23   | Noticed a royal mummy
102519 | Zig:23   | Noticed a royal mummy
102533 | Zig:23   | Noticed a royal mummy
102539 | Zig:23   | Reached skill level 27 in Shields
102544 | Zig:23   | Noticed a royal mummy
102563 | Zig:23   | Killed a royal mummy
102563 | Zig:23   | Killed a royal mummy
102572 | Zig:23   | Killed a royal mummy
102573 | Zig:23   | Noticed a royal mummy
102580 | Zig:23   | Killed a royal mummy
102591 | Zig:23   | Killed a royal mummy
102592 | Zig:23   | Reached skill level 10 in Ice Magic
102798 | Zig:23   | Identified the staff "Puroukk" {+Blink rF+ Dex+3 Fire}
102806 | Zig:23   | Identified the +6 orcbow of Responsibility {heavy, Contam
                  | Str+2 Stlth+}
102813 | Zig:23   | Identified the +4 long sword "Usiame" {flame, rC++}
102823 | Zig:23   | Identified the +9 mace of Nacom {venom, rPois Int+2}
102827 | Zig:23   | Identified the +3 short sword of the Verdant God {vamp, rC+
                  | Dex+3}
102839 | Zig:23   | Learned a level 5 spell: Metabolic Englaciation
102845 | Zig:23   | Learned a level 5 spell: Freezing Cloud
102853 | Zig:23   | Learned a level 7 spell: Ozocubu's Refrigeration
102863 | Zig:23   | Learned a level 9 spell: Polar Vortex
102972 | Zig:24   | Entered Level 24 of a ziggurat
102990 | Zig:24   | Noticed Duusicom the pandemonium lord
102995 | Zig:24   | Noticed Xuefuodgh the pandemonium lord
102996 | Zig:24   | Noticed Leuthotu the pandemonium lord
102996 | Zig:24   | Noticed Ukecseuwn the pandemonium lord
102997 | Zig:24   | Noticed Seiffib the pandemonium lord
102998 | Zig:24   | Killed Duusicom the pandemonium lord
103001 | Zig:24   | Noticed Rerhuoz the pandemonium lord
103002 | Zig:24   | Noticed Woric the pandemonium lord
103002 | Zig:24   | Noticed Peacriw the pandemonium lord
103002 | Zig:24   | Noticed Vaecak the pandemonium lord
103002 | Zig:24   | Noticed Jolol the pandemonium lord
103002 | Zig:24   | Noticed Xieqiwam the pandemonium lord
103006 | Zig:24   | Noticed Yntain the pandemonium lord
103006 | Zig:24   | Noticed Techa the pandemonium lord
103007 | Zig:24   | Killed Seiffib the pandemonium lord
103012 | Zig:24   | Killed Xuefuodgh the pandemonium lord
103015 | Zig:24   | Noticed Naistan the pandemonium lord
103019 | Zig:24   | Noticed Iteeph the pandemonium lord
103045 | Zig:24   | Killed Peacriw the pandemonium lord
103057 | Zig:24   | Killed Leuthotu the pandemonium lord
103072 | Zig:24   | Killed Jolol the pandemonium lord
103082 | Zig:24   | Killed Vaecak the pandemonium lord
103083 | Zig:24   | Killed Techa the pandemonium lord
103088 | Zig:24   | Killed Woric the pandemonium lord
103096 | Zig:24   | Killed Xieqiwam the pandemonium lord
103097 | Zig:24   | Killed Ukecseuwn the pandemonium lord
103125 | Zig:24   | Killed Yntain the pandemonium lord
103133 | Zig:24   | Killed Rerhuoz the pandemonium lord
103149 | Zig:24   | Killed Naistan the pandemonium lord
103152 | Zig:24   | Killed Iteeph the pandemonium lord
103254 | Zig:24   | Found the ring of the Mage {Wiz Archmagi}
103296 | Zig:24   | Identified the +8 demon trident of the Tiger {freeze, rPois
                  | Will- Str+7 Int-3}
103305 | Zig:24   | Identified the staff of Sif Muna's Reproof {rElec rCorr
                  | Int-3 Dex+5 Conj}
103331 | Zig:24   | Learned a level 7 spell: Malign Gateway
103378 | Zig:25   | Entered Level 25 of a ziggurat
103394 | Zig:25   | Noticed an ancient lich
103396 | Zig:25   | Killed an ancient lich
103397 | Zig:25   | Reached skill level 1 in Summonings
103398 | Zig:25   | Paralysed by a sphinx for 3 turns
103438 | Zig:25   | Noticed a dread lich
103442 | Zig:25   | Killed a dread lich
103450 | Zig:25   | Noticed a dread lich
103473 | Zig:25   | Reached skill level 15 in Ice Magic
103483 | Zig:25   | Killed a dread lich
103606 | Zig:25   | Identified the +4 mace "Pawoulli" {flame, rF+ Str+4 Int+3}
103625 | Zig:25   | Identified the +5 arbalest of the Nurturing Oracle {flame,
                  | Fly rN+ Int-4 Dex+3}
103699 | Zig:26   | Entered Level 26 of a ziggurat
103904 | Zig:26   | Noticed a dread lich
103915 | Zig:26   | Killed a dread lich
104025 | Zig:26   | Identified the +2 short sword "Wuesen" {elec, *Rage rF+++
                  | Str+2 Int-5}
104059 | Zig:26   | Identified the staff "Orefian" {rF+ Will++ Fire}
104147 | Zig:27   | Entered Level 27 of a ziggurat
104398 | Zig:27   | Identified the +9 arbalest "Orb Guardian's Regret" {speed,
                  | rCorr}
104419 | Zig:27   | Identified the staff "Zidun" {rElec rF++ Int+2 Dex+2 Air}
104427 | Zig:27   | Identified the +7 plate armour "Forget-Me-Not" {rCorr Int+3
                  | SInv}
104525 | Depths:1 | Bought a scroll of blinking for 90 gold pieces
104525 | Depths:1 | Bought a scroll of blinking for 90 gold pieces
104894 | Zig:1    | Entered Level 1 of a ziggurat
104910 | Zig:2    | Entered Level 2 of a ziggurat
104948 | Zig:3    | Entered Level 3 of a ziggurat
104975 | Zig:4    | Entered Level 4 of a ziggurat
105017 | Zig:5    | Entered Level 5 of a ziggurat
105026 | Zig:5    | Reached skill level 1 in Earth Magic
105062 | Zig:6    | Entered Level 6 of a ziggurat
105106 | Zig:6    | Identified the +4 rapier "Dily" {spect, Will+}
105112 | Zig:6    | Identified the staff of Tenacity {rN+ Str+4 Necro}
105115 | Zig:6    | Identified the +7 giant spiked club of the Eternal Warrior
                  | {holy, rC+}
105121 | Zig:7    | Entered Level 7 of a ziggurat
105132 | Zig:7    | Reached skill level 5 in Earth Magic
105213 | Zig:8    | Entered Level 8 of a ziggurat
105286 | Zig:9    | Entered Level 9 of a ziggurat
105384 | Zig:10   | Entered Level 10 of a ziggurat
105393 | Zig:10   | Found the +10 tower shield of Ignorance {rN+ Int-4}
105405 | Zig:10   | Identified the amulet of Kaliadghu {Regen+ Int+5}
105432 | Zig:10   | Identified the +0 chain mail of the Moon {rPois Str+5 SInv
                  | Stlth-}
105460 | Zig:10   | Identified the +2 plate armour of Inevitability {rPois
                  | rF++}
105495 | Zig:11   | Entered Level 11 of a ziggurat
105603 | Zig:12   | Entered Level 12 of a ziggurat
105621 | Zig:12   | Noticed an ancient lich
105631 | Zig:12   | Killed an ancient lich
105700 | Zig:12   | Got the Textbook on Mutable Nephomancy
105753 | Zig:12   | Learned a level 4 spell: Airstrike
105759 | Zig:13   | Entered Level 13 of a ziggurat
105780 | Zig:13   | Reached skill level 5 in Air Magic
105842 | Zig:13   | Identified the +2 spear of Animal Spirits {flame, rCorr
                  | Str+3}
105850 | Zig:13   | Identified the +0 plate armour of Intercession {MP+9 Int+3}
105860 | Zig:13   | Identified the +6 sling of the Abyss {flame, rPois rC+++
                  | Str-4}
105919 | Zig:14   | Entered Level 14 of a ziggurat
105933 | Zig:14   | Reached skill level 27 in Ice Magic
105934 | Zig:14   | Reached skill level 5 in Transmutations
106094 | Zig:15   | Entered Level 15 of a ziggurat
106210 | Zig:15   | Identified the +4 morningstar "Peadunae" {venom, *Rage rF++
                  | rN+}
106218 | Zig:15   | Identified the +4 battleaxe of the Lamprey {freeze, rCorr
                  | Int+3 SInv}
106254 | Zig:15   | Identified the +7 scimitar of Uskayaw's Whim {heavy, rElec
                  | Str+3 Int-3 Dex+5}
106298 | Zig:16   | Entered Level 16 of a ziggurat
106418 | Zig:16   | Identified the +6 great sword of Weamy {chaos, rElec rPois
                  | rF- Str+3}
106422 | Zig:16   | Identified the +5 executioner's axe of the Assorted Runes
                  | {heavy, Fly}
106535 | Zig:17   | Entered Level 17 of a ziggurat
106558 | Zig:17   | Reached skill level 10 in Air Magic
106700 | Zig:17   | Identified the +11 shortbow of Wakax {heavy, +Blink rF+
                  | rCorr Int+4}
106709 | Zig:17   | Identified the ring of Qoshrism {rPois rF- Will+ rCorr}
106717 | Zig:17   | Identified the +7 falchion of Somewhere Else {venom, rPois
                  | Stlth+}
106802 | Zig:18   | Entered Level 18 of a ziggurat
106820 | Zig:18   | Paralysed by an air elemental for 1 turns
106900 | Zig:18   | Found the crystal ball of Wucad Mu {*channel}
106976 | Zig:18   | Identified the +6 ring mail "Zygeg" {rF+ rCorr Dex+3}
106981 | Zig:18   | Identified the staff "Teafueso" {Int-4 Dex+4 Stlth+ Conj}
107052 | Zig:19   | Entered Level 19 of a ziggurat
107081 | Zig:19   | Noticed a royal mummy
107081 | Zig:19   | Noticed a royal mummy
107082 | Zig:19   | Noticed a royal mummy
107082 | Zig:19   | Noticed a royal mummy
107082 | Zig:19   | Noticed a royal mummy
107082 | Zig:19   | Noticed a royal mummy
107084 | Zig:19   | Noticed a royal mummy
107086 | Zig:19   | Reached skill level 10 in Earth Magic
107086 | Zig:19   | Killed a royal mummy
107086 | Zig:19   | Killed a royal mummy
107086 | Zig:19   | Killed a royal mummy
107087 | Zig:19   | Killed a royal mummy
107087 | Zig:19   | Killed a royal mummy
107087 | Zig:19   | Killed a royal mummy
107087 | Zig:19   | Noticed a royal mummy
107088 | Zig:19   | Reached skill level 15 in Air Magic
107090 | Zig:19   | Killed a royal mummy
107105 | Zig:19   | Killed a royal mummy
107169 | Zig:19   | Identified the +1 halberd of Slow Death {heavy, rF+}
107336 | Zig:19   | Identified the +10 arbalest of Ryjowku {freeze, rPois rCorr
                  | Str-2 SInv}
107338 | Zig:19   | Identified the +0 pair of gloves of Loriecw {rPois rC+ rN+
                  | Regen+}
107346 | Zig:19   | Identified the +0 troll leather armour of the Stone Wall
                  | {rF+ Regen+}
107352 | Zig:19   | Identified the ring of the Scarab {EV+5 Str+6 Int-5 Dex-2}
107417 | Zig:19   | Learned a level 5 spell: Yara's Violent Unravelling
107424 | Zig:19   | Learned a level 6 spell: Eringya's Noxious Bog
107425 | Zig:20   | Entered Level 20 of a ziggurat
107452 | Zig:20   | Noticed an ancient lich
107452 | Zig:20   | Noticed a dread lich
107454 | Zig:20   | Noticed an ancient lich
107457 | Zig:20   | Reached skill level 1 in Poison Magic
107459 | Zig:20   | Noticed an ancient lich
107462 | Zig:20   | Killed an ancient lich
107463 | Zig:20   | Reached skill level 10 in Transmutations
107464 | Zig:20   | Killed a dread lich
107467 | Zig:20   | Killed an ancient lich
107470 | Zig:20   | Killed an ancient lich
107483 | Zig:20   | Reached skill level 5 in Poison Magic
107485 | Zig:20   | Found the amulet of the Air {Inacc Air Fly rElec RMsl}
107624 | Zig:20   | Identified the +3 falchion "Lybyda" {heavy, rF+}
107750 | Zig:21   | Entered Level 21 of a ziggurat
107842 | Zig:21   | Identified the staff "Embalmer" {rElec rPois Int+2 Poison}
107844 | Zig:21   | Identified the ring of the Ancient Stories {rElec rCorr
                  | Dex+2 Stlth-}
107846 | Zig:21   | Identified the staff of the Baking Big Fish {rPois rC+
                  | Str-4 Dex-5 SInv Ice}
107847 | Zig:21   | Identified the +10 mace of the Moth {venom, Stlth+}
107851 | Zig:21   | Identified the +5 flail of Blood-Lust {vamp, Str+3}
107852 | Zig:21   | Identified the +1 robe "Kefotiff" {Slay+2}
108044 | Zig:22   | Entered Level 22 of a ziggurat
108086 | Zig:22   | Noticed an ancient lich
108108 | Zig:22   | Noticed an ancient lich
108133 | Zig:22   | Killed an ancient lich
108154 | Zig:22   | Killed an ancient lich
108323 | Zig:22   | Identified the ring of the Gloaming {Wiz Str+2}
108359 | Zig:22   | Identified the ring of Pride {rElec rF+}
108446 | Zig:23   | Entered Level 23 of a ziggurat
108466 | Zig:23   | Noticed a dread lich
108468 | Zig:23   | Noticed a dread lich
108470 | Zig:23   | Noticed a dread lich
108476 | Zig:23   | Killed a dread lich
108480 | Zig:23   | Killed a dread lich
108481 | Zig:23   | Noticed a dread lich
108481 | Zig:23   | Noticed an ancient lich
108481 | Zig:23   | Noticed a dread lich
108482 | Zig:23   | Noticed a dread lich
108482 | Zig:23   | Noticed a dread lich
108485 | Zig:23   | Found the brooch of Shielding {Spirit SH+8}
108488 | Zig:23   | Killed a dread lich
108490 | Zig:23   | Reached skill level 27 in Translocations
108490 | Zig:23   | Killed an ancient lich
108490 | Zig:23   | Killed a dread lich
108491 | Zig:23   | Killed a dread lich
108492 | Zig:23   | Killed a dread lich
108492 | Zig:23   | Killed a dread lich
108543 | Zig:23   | Identified the amulet "Qataycec" {Faith rElec rN++}
108554 | Zig:23   | Identified the +6 rapier "Jelly's Demise" {flame, rElec
                  | MP-9 Dex+9 Stlth+}
108557 | Zig:23   | Identified the +5 dagger of Juteroiw {flame, Drain rC+
                  | Int+3}
108567 | Zig:23   | Identified the staff of the Inquisitive Spines {Contam rC+
                  | rCorr Str+4 Ice}
108573 | Zig:23   | Identified the ring "Cesal Meaho" {rPois rF+}
108742 | Zig:24   | Entered Level 24 of a ziggurat
108768 | Zig:24   | Noticed Xemeschas the pandemonium lord
108772 | Zig:24   | Noticed Nuov the pandemonium lord
108777 | Zig:24   | Noticed Cuyffuhu the pandemonium lord
108788 | Zig:24   | Killed Xemeschas the pandemonium lord
108794 | Zig:24   | Killed Cuyffuhu the pandemonium lord
108799 | Zig:24   | Noticed Susem the pandemonium lord
108800 | Zig:24   | Noticed Zaong the pandemonium lord
108801 | Zig:24   | Noticed Sumocoxesk the pandemonium lord
108801 | Zig:24   | Noticed Xepukud the pandemonium lord
108801 | Zig:24   | Noticed Tokatah the pandemonium lord
108801 | Zig:24   | Noticed Sumuof the pandemonium lord
108804 | Zig:24   | Noticed Zuxtitho the pandemonium lord
108807 | Zig:24   | Noticed Jozuc the pandemonium lord
108807 | Zig:24   | Killed Tokatah the pandemonium lord
108809 | Zig:24   | Killed Xepukud the pandemonium lord
108810 | Zig:24   | Killed Susem the pandemonium lord
108812 | Zig:24   | Noticed Fotanuto the pandemonium lord
108812 | Zig:24   | Noticed Kem Josm the pandemonium lord
108817 | Zig:24   | Killed Sumuof the pandemonium lord
108817 | Zig:24   | Noticed Xeghupith the pandemonium lord
108820 | Zig:24   | Noticed Keitogax the pandemonium lord
108821 | Zig:24   | Killed Zaong the pandemonium lord
108822 | Zig:24   | Killed Nuov the pandemonium lord
108823 | Zig:24   | Noticed Rihif the pandemonium lord
108823 | Zig:24   | Noticed Leteptad the pandemonium lord
108823 | Zig:24   | Noticed Raezxe the pandemonium lord
108824 | Zig:24   | Killed Jozuc the pandemonium lord
108834 | Zig:24   | Killed Kem Josm the pandemonium lord
108834 | Zig:24   | Killed Leteptad the pandemonium lord
108835 | Zig:24   | Killed Sumocoxesk the pandemonium lord
108836 | Zig:24   | Killed Raezxe the pandemonium lord
108837 | Zig:24   | Killed Fotanuto the pandemonium lord
108838 | Zig:24   | Reached skill level 15 in Transmutations
108839 | Zig:24   | Killed Xeghupith the pandemonium lord
108840 | Zig:24   | Killed Zuxtitho the pandemonium lord
108842 | Zig:24   | Killed Rihif the pandemonium lord
108853 | Zig:24   | Killed Keitogax the pandemonium lord
109030 | Zig:24   | Identified the +2 orcbow of Ceebb {flame, rCorr Dex+4}
109035 | Zig:24   | Identified the +0 whip "Astriy" {drain, Drain rElec Str+5}
109036 | Zig:24   | Identified the ring of Ideakhom {rPois rC+ rN+ Dex+2
                  | Stlth+}
109045 | Zig:24   | Identified the ring of Satisfaction {Fire rCorr Int+5}
109145 | Zig:25   | Entered Level 25 of a ziggurat
109167 | Zig:25   | Reached skill level 1 in Throwing
109174 | Zig:25   | Reached skill level 5 in Throwing
109204 | Zig:25   | Reached skill level 10 in Throwing
109372 | Zig:25   | Found the sphere of Battle
109372 | Zig:25   | Found the +2 shield of Resistance {rF++ rC++ Will++}
109406 | Zig:25   | Identified the ring of Cicozal {Fire Int+2}
109414 | Zig:25   | Identified the +3 long sword of the Supporting Priest
                  | {speed, Int+4 Stlth+}
109554 | Zig:26   | Entered Level 26 of a ziggurat
109621 | Zig:26   | Reached skill level 15 in Throwing
109813 | Zig:26   | Found the +7 staff of the Meek {protect, meekguard}
109824 | Zig:26   | Identified the +5 quarterstaff of Midnight {flame, Fly}
109841 | Zig:26   | Identified the +1 arbalest of Gykhurphu {elec, rElec}
109848 | Zig:26   | Identified the +8 trident "Waf Bient" {vamp, Fly rF+ Will+}
109850 | Zig:26   | Identified the quicksilver dragon scales of the Red Skies
                  | {Will+ Dex+4}
109853 | Zig:26   | Identified the amulet "Sudditsu" {Will+ Regen+ Int+5}
110025 | Zig:27   | Entered Level 27 of a ziggurat
110052 | Zig:27   | Noticed a dread lich
110058 | Zig:27   | Killed a dread lich
110403 | Zig:27   | Noticed a dread lich
110407 | Zig:27   | Killed a dread lich
110437 | Zig:27   | Identified the +6 mace "Kessiuwk" {protect, rPois Str+2
                  | Int+3}
110449 | Zig:27   | Identified the +4 orcbow "Gafui" {elec, rElec Will- Str+3
                  | Dex+3}
110450 | Zig:27   | Identified the ring "Azoen" {*Corrode Fly rC++ AC+4}
110552 | Zot:5    | Got the Orb of Zot
110611 | Zot:5    | Noticed a seraph
110621 | Zot:5    | Killed a seraph
110636 | Zot:5    | Noticed Naidixzue the pandemonium lord
110647 | Zot:5    | Killed Naidixzue the pandemonium lord
110975 | D:10     | Noticed Hups the pandemonium lord
110978 | D:10     | Killed Hups the pandemonium lord
111209 | D:1      | Noticed Maikien the pandemonium lord
111209 | D:1      | Noticed an ancient lich
111212 | D:1      | Killed Maikien the pandemonium lord
111214 | D:1      | Killed an ancient lich
111241 | D:$      | Escaped with the Orb!

Illustrated notes

Levels and vault maps discovered:
D:1:      shiori_arrival_elements, layout_basic,
          dreamdust_ecumenical_altar_angels_and_demons
D:2:      layout_loops_ring
D:3:      layout_basic, riverfiend_overflow_shadow_ancestor
D:4:      layout_basic, minmay_temple_entry_statues, nicolae_stop_n_shop_1
D:5:      layout_rooms, mainiacjoe_overflow_surrounded_room,
          nicolae_uskayaw_en_pointe, serial_glass, glass_columns_a,
          glass_columns_a, feat_on_display, feat_on_display,
          minmay_strange_pillars, due_unseen_surprise
D:6:      layout_basic, portal_sewer_entry_e, uniq_menkaure
D:7:      kennysheep_kobold_camp, layout_rooms, uniq_pikel
D:8:      layout_loops_ring, minmay_lair_entry_grove, enter_ossuary_1
D:9:      layout_roguey [special_room_kobold], grunt_temple_overflow_open,
          gammafunk_temple_overflow_pools, erik_orc_1, enter_bailey_5,
          kennysheep_generic_room_3
D:10:     layout_basic
D:11:     layout_grid_maze, portal_ice_cave_entry_ice_simulacra, uniq_nergalle
D:12:     layout_cave_pods, einodemon_armed_red_devil_minivault
D:13:     layout_loops_ring, gammafunk_ghost_grave, palyth_stone_intersect
D:14:     hangedman_cross_cluster, layout_loops_ring, david_vaults_4,
          chequers_serial_rivers_large_b
D:15:     grunt_enter_depths_hoard, layout_basic, serial_curves, eino_curves_03,
          eino_curves_03, small_statue_intersection
Temple:   hellmonk_temple_forest_ring
Lair:1:   layout_chaotic_city, infiniplex_staircase_pool
Lair:2:   nzn_winding_woodlands_medium [nzn_winding_woodlands_5x5_checkerboard,
          nzn_winding_woodlands_5x15_concentric,
          nzn_winding_woodlands_5x5_closed_star,
          nzn_winding_woodlands_5x5_three,
          nzn_winding_woodlands_center_diamonds,
          nzn_winding_woodlands_5x5_default, nzn_winding_woodlands_hourglass,
          nzn_winding_woodlands_5x15_jagged, nzn_winding_woodlands_5x5_default],
          layout_hall_layers, swamp_mist, minmay_snake_entry_spellcaster,
          uniq_harold
Lair:3:   layout_small_grid, gammafunk_ghost_arena, st_stairs_6
Lair:4:   layout_gridlike, gammafunk_ghost_split
Lair:5:   cheibrodos_lair_end_hotspot, layout_misc_corridors,
          minmay_slime_entry_oklob_enclosed, enter_volcano_1
Swamp:1:  layout_falls_marsh, serial_swamp_ruin, evilmike_swamp_ruin_house_1,
          evilmike_swamp_ruin_wall, evilmike_swamp_ruin_house_5
Swamp:2:  layout_basic_swamp, evilmike_swamp_ruin_house_6, uniq_donald
Swamp:3:  layout_basic_swamp, evilmike_swamp_ruin_rubble_1, swamp_pool1
Swamp:4:  nzn_swamp_witches_coven, layout_basic_swamp,
          infiniplex_staircase_pool_2, uniq_nikola, uniq_kirke
Snake:1:  layout_gridlike
Snake:2:  layout_grid_shapes, basic_altar, nicolae_integral_box,
          minmay_shop_grove, uniq_azrael
Snake:3:  layout_honeycomb, ebering_ghost_xom, serial_shops, shop,
          minmay_shop_star, uniq_aizul
Snake:4:  hellmonk_snake_rune_quicksilver_temple, layout_cave_town
Slime:1:  layout_caves
Slime:2:  layout_caves
Slime:3:  layout_caves
Slime:4:  cheibrodos_slime_lost_civilization_10, layout_caves
Slime:5:  slime_pit_nicolae_royal_road_to_ruin
Orc:1:    layout_caves, basic_altar, biasface_ghost_orc_armoury
Orc:2:    grunt_orc_tribal_feast, layout_caves, hangedman_feature_mirror,
          mines1_david
Elf:1:    eino_elf_arrival_altar, layout_onion_city, serial_shops,
          nicolae_shop_dealshenge, nicolae_shop_waterfront, shop_scrolls
Elf:2:    nicolae_elf_blades_splatter_lattice
          [nicolae_blade_entry_crossed_weapons], layout_loops_cross,
          nicolae_elf_theology_debate, uniq_saint_roka
Elf:3:    elf_hall, layout_geoelf_diagonals
Vaults:1: vaults_mumra_chevron_long, v_misc_33, v_misc_33,
          vaults_dpeg_encased_lava, vaults_room_boxed, hangedman_vaults_maws,
          nicolae_vaults_trapezoid_3, nicolae_vaults_stepped_doors,
          vaults_room_door_ring, v_rooms_6, v_misc_8, nicolae_vaults_little_ls,
          layout_vaults_omnicross, serial_shops, shop
Vaults:2: blue_anna_dwarven_crypt, nicolae_vaults_trapezoid_1,
          vaults_room_pools, ontoclasm_vaults_claustrophobia,
          vaults_room_fancy_cross, v_pattern_2, vaults_room_grid,
          grunt_vaults_twisty, v_misc_27, v_misc_25,
          nicolae_vaults_sesquioval_fish, nicolae_vaults_house_3,
          layout_vaults_ring, uniq_mara
Vaults:3: grunt_vaults_hallway_short, hangedman_vaults_restitches, v_misc_29,
          vaults_room_door_hall, nicolae_vaults_variable_pillar_hall,
          nicolae_vaults_enemy_cabinets, nicolae_vaults_tangram_1,
          nicolae_vaults_six-pack, v_rooms_2, ontoclasm_vaults_loading_screen,
          nicolae_vaults_closet_pinwheel_6, nicolae_vaults_double_plus_1,
          nicolae_vaults_tetromino_Z_1, layout_vaults_omnigrid
Vaults:4: nicolae_vaults_twisting_passages, v_pattern_4, v_misc_23,
          nicolae_vaults_c_with_doors, hangedman_vaults_stitches,
          nicolae_vaults_storage_room_doors, v_misc_16,
          ontoclasm_vaults_ring_large, v_misc_3, v_misc_19,
          ontoclasm_vaults_chip, nicolae_vaults_closet_pinwheel_1,
          layout_vaults_maze_snakey
Vaults:5
Crypt:1:  ragdoll_tomb_raider, layout_gridlike, gammafunk_ghost_cemetery,
          minmay_strange_pillars
Crypt:2:  dreamdust_cat_pyramid, layout_gridlike, uniq_sojobo
Crypt:3:  quadcrypt_mu, uniq_frederick
Tomb:1
Tomb:2
Tomb:3
Depths:1: layout_big_octagon, enter_ziggurat_a, mu_enter_wizlab_3,
          abyss_entry_small_statue_room, tso_metal_star, ebering_ghost_xom,
          pf_coc_iceberg, nrook_mini_vaults, nicolae_sif_muna_condensation
Depths:2: minmay_polygon_palace, layout_cave_pools, abyss_entry_crystal,
          ebering_ghost_rock_garden, rand_demon_pan_entry_8,
          grunt_hell_entry_dis_grunt, nicolae_qazlal_style_of_elements
Depths:3: minmay_the_grid_four_pointed_star
          [minmay_the_grid_triangle_9x9_checkered,
          minmay_the_grid_triangle_9x9_subtriangle,
          minmay_the_grid_triangle_9x9_semitri,
          minmay_the_grid_triangle_9x9_fully_insulated_deathbox,
          minmay_the_grid_prize_four_corners_diamond_b], layout_gridlike,
          gammafunk_ghost_necromancy, abyss_entry, pf_hell_entry_great_geh,
          firewood_loft, minmay_staircase_bubble
Depths:4: hangedman_pleasuredromes, hell_entry, uniq_josephina, uniq_margery
Hell
Dis:1:    hangedman_dis_decor_blocks_crown, layout_regular_city
Dis:2:    layout_subdivisions, glass_columns_a
Dis:3:    layout_regular_city
Dis:4:    nicolae_dis_pentagon_2, layout_jigsaw
Dis:5:    layout_regular_city
Dis:6:    layout_jigsaw
Dis:7:    dis_grunt_layers
Geh:1:    nicolae_geh_tyrants_menagerie, layout_gehenna_pools_basic,
          special_room [special_room_morgue], nicolae_hells_leichenhalle
Geh:2:    layout_gehenna_lava_caves
Geh:3:    layout_gehenna_lava_caves
Geh:4:    nicolae_geh_i_lava_good_maze [nicolae_geh_lavamaze_orthhalf_field,
          nicolae_geh_lavamaze_orthhalf_recurse]
Geh:5:    layout_gehenna_lava_caves
Geh:6:    layout_gehenna_pools_triple
Geh:7:    geh_mu
Coc:1:    layout_cocytus_delve
Coc:2:    layout_ice_bergs
Coc:3:    layout_ice_bergs
Coc:4:    layout_ice_bergs
Coc:5:    nicolae_coc_city_of_iceburg
Coc:6:    nicolae_hells_demon_pit, layout_ice_bergs
Coc:7:    coc_grunt_cove [coc_grunt_cove_antaeus, coc_grunt_cove_fiend,
          coc_grunt_cove_fiend, coc_grunt_cove_fiend, coc_grunt_cove_fiend]
Tar:1:    layout_honeycomb, nicolae_tar_cuneiform_three, nicolae_tar_grid_combs
Tar:2:    layout_honeycomb, nicolae_tar_just_some_guys
Tar:3:    layout_grid_maze
Tar:4:    layout_grid_maze, door_vault
Tar:5:    layout_grid_maze, lemuel_nasty_fountain
Tar:6:    layout_catacombs, nicolae_tar_cuneiform_bird
Tar:7:    tar_minmay_river
Zot:1:    layout_cathedral_of_symmetry, grunt_megastairs_5
Zot:2:    layout_gridlike
Zot:3:    layout_basic
Zot:4:    layout_misc_corridors, skrybe_zot_glass_1
Zot:5:    layout_cellular_growth

Skill      XL: |  1  2  3  4  5  6  7  8  9 10 11 12 13 14 15 16 17 18 19 20 21 22 23 24 25 26 27 |
---------------+----------------------------------------------------------------------------------+-----
Fighting       | 2 3 4 5 6 8 9 10 11 12 14 15 17 18 19 20 21 27 | 27.0
Shapeshifting  | 4 5 6 7 8 10 11 12 14 15 16 17 18 19 20 21 22 23 27 | 27.0
Unarmed Combat | 4 5 6 7 8 9 10 12 13 15 16 17 18 19 20 21 22 23 27 | 27.0
Dodging        | 7 8 10 11 12 13 14 27 | 27.0
Stealth        | 8 10 27 | 27.0
Ice Magic      | 2 3 4 27 | 27.0
Spellcasting   | 1 3 5 6 7 8 9 10 27 | 27.0
Translocations | 4 5 6 8 27 | 27.0
Shields        | 2 7 10 12 14 27 | 27.0
Air Magic      | 2 4 21 | 21.9
Transmutations | 4 15 | 15.3
Short Blades   | 14 | 14.0
Summonings     | 4 |  4.0
Earth Magic    | 10 | 10.0
Poison Magic   | 8 |  8.0
Throwing       | 19 | 19.7

Action                     |  1- 3 |  4- 6 |  7- 9 | 10-12 | 13-15 | 16-18 | 19-21 | 22-24 | 25-27 || total
---------------------------+-------+-------+-------+-------+-------+-------+-------+-------+-------++-------
  Melee: Unarmed           |    37 |    28 |       |   215 |  1154 |  1272 |   960 |  1531 |  8116 || 13313
         Constrict         |    10 |    16 |    38 |   123 |   213 |   183 |       |    95 |   792 ||  1470
         Tentacles         |     9 |    13 |    39 |   145 |   150 |       |       |   419 |  1920 ||  2695
         Punch             |     2 |     2 |     8 |    36 |    38 |    12 |   110 |   335 |  1956 ||  2499
         Short sword       |       |    37 |    72 |       |       |       |       |       |       ||   109
         Whip              |       |       |   112 |   266 |       |       |       |       |       ||   378
         Maw               |       |       |       |    55 |   147 |       |       |       |       ||   202
         Tailslap          |       |       |       |       |       |    33 |   195 |   101 |       ||   329
         Bite              |       |       |       |       |       |    16 |   143 |    77 |       ||   236
         Kick              |       |       |       |       |       |       |       |   634 |  3160 ||  3794
         Quick blade       |       |       |       |       |       |       |       |       |    37 ||    37
  Throw: Dart              |       |       |     5 |    21 |     1 |       |       |     1 |       ||    28
         Throwing net      |       |       |       |       |       |       |       |       |     3 ||     3
   Cast: Ozocubu's Armour  |       |       |       |       |       |     1 |     1 |       |    22 ||    24
         Vhi's Electric Ch |       |       |       |       |       |       |       |       |   368 ||   368
         Lesser Beckoning  |       |       |       |       |       |       |       |       |    84 ||    84
         Wereblood         |       |       |       |       |       |       |       |       |    39 ||    39
         Manifold Assault  |       |       |       |       |       |       |       |       |   157 ||   157
         Polar Vortex      |       |       |       |       |       |       |       |       |    37 ||    37
         Passwall          |       |       |       |       |       |       |       |       |    13 ||    13
         Ozocubu's Refrige |       |       |       |       |       |       |       |       |    11 ||    11
         Eringya's Noxious |       |       |       |       |       |       |       |       |     7 ||     7
         Malign Gateway    |       |       |       |       |       |       |       |       |     6 ||     6
         Freezing Cloud    |       |       |       |       |       |       |       |       |     5 ||     5
         Airstrike         |       |       |       |       |       |       |       |       |     5 ||     5
         Yara's Violent Un |       |       |       |       |       |       |       |       |     3 ||     3
         Blink             |       |       |       |       |       |       |       |       |     3 ||     3
         Metabolic Englaci |       |       |       |       |       |       |       |       |     2 ||     2
         Passage of Golubr |       |       |       |       |       |       |       |       |     1 ||     1
         Swiftness         |       |       |       |       |       |       |       |       |     1 ||     1
         Apportation       |       |       |       |       |       |       |       |       |     1 ||     1
 Invoke: Call Merchant     |       |       |       |     2 |       |     1 |     1 |     2 |    20 ||    26
         Potion Petition   |       |       |       |     2 |       |     2 |       |       |       ||     4
Ability: Breathe Fire      |       |       |       |       |       |     1 |    14 |    10 |       ||    25
         Begin Untransform |       |       |       |       |       |     1 |       |     1 |     1 ||     3
         Siphon Essence    |       |       |       |       |       |       |       |     6 |    34 ||    40
         Blinkbolt         |       |       |       |       |       |       |       |       |    42 ||    42
  Evoke: Wand              |       |       |     1 |     7 |     2 |     4 |       |       |     7 ||    21
         Lightning rod     |       |       |       |       |     8 |       |       |       |       ||     8
         Phial of floods   |       |       |       |       |       |     1 |       |     1 |     1 ||     3
         Figurine of a zig |       |       |       |       |       |       |       |       |     3 ||     3
         Phantom mirror    |       |       |       |       |       |       |       |       |     1 ||     1
    Use: Scroll            |       |     1 |     6 |     7 |    22 |     7 |     1 |     3 |    37 ||    84
         Potion            |       |       |     4 |     4 |     2 |       |     2 |       |    27 ||    39
   Stab: Sleeping          |     1 |     9 |     6 |    19 |    45 |    26 |    35 |     4 |   130 ||   275
         Distracted        |       |       |     2 |     5 |    17 |    17 |     8 |    18 |   171 ||   238
         Invisible         |       |       |       |       |       |     1 |       |       |       ||     1
         Held in net/web   |       |       |       |       |       |       |       |       |     4 ||     4
         Petrified         |       |       |       |       |       |       |       |       |     1 ||     1
 Armour: Skin              |     2 |     1 |    13 |    24 |   282 |   594 |   250 |   316 |   523 ||  2005
  Dodge: Dodged            |    25 |    34 |   112 |   264 |   853 |  1069 |   665 |  1082 |  5194 ||  9298
  Block: Buckler           |       |       |    27 |    82 |    83 |       |       |       |       ||   192
         Kite shield       |       |       |       |       |       |       |       |   832 |   457 ||  1289
         Tower shield      |       |       |       |       |       |       |       |       |  4853 ||  4853
         Other             |       |       |       |       |       |       |       |       |    51 ||    51
   Form: Maw               |       |       |     1 |     2 |       |       |       |       |       ||     3
         Beast             |       |       |     1 |     1 |       |       |       |       |       ||     2
         Anaconda          |       |       |       |       |     3 |       |       |       |       ||     3
                           |       |       |       |       |     2 |       |       |       |     1 ||     3
         Dragon            |       |       |       |       |       |     2 |       |     3 |     1 ||     6
         Death             |       |       |       |       |       |       |       |     4 |    29 ||    33
         Statue            |       |       |       |       |       |       |       |       |     3 ||     3
         Storm             |       |       |       |       |       |       |       |       |    27 ||    27

Table legend: (Time is in decaauts)
 A = Elapsed time spent in this place.
 B = Non-inter-level travel time spent in this place.
 C = Inter-level travel time spent in this place.
 D = Time resting spent in this place.
 E = Time spent auto-exploring this place.
 F = Levels seen in this place.
 G = Mean time per level.
                   A        B        C        D        E       F      G
               +--------+--------+--------+--------+--------+-----+--------+
         Total | 106844 |  93425 |  13419 |   8783 |  53524 | 163 |  655.5 |
       Dungeon |  20729 |  16069 |   4660 |   2890 |   9895 |  15 | 1381.9 |
        Temple |     16 |      9 |      7 |      0 |      0 |   1 |   16.0 |
          Lair |   8808 |   7194 |   1614 |   1597 |   4108 |   5 | 1761.6 |
         Swamp |   5320 |   5075 |    245 |   1811 |   2086 |   4 | 1330.0 |
     Snake Pit |   5151 |   4666 |    485 |    271 |   3346 |   4 | 1287.8 |
    Slime Pits |   2727 |   2627 |    100 |     46 |   1843 |   5 |  545.4 |
  Orcish Mines |   2528 |   1706 |    822 |    229 |    915 |   2 | 1264.0 |
   Elven Halls |   2937 |   2830 |    107 |     20 |   1930 |   3 |  979.0 |
        Vaults |   8276 |   6687 |   1589 |     89 |   4722 |   5 | 1655.2 |
         Crypt |   4352 |   3850 |    502 |     23 |   2469 |   3 | 1450.7 |
          Tomb |   2721 |   2441 |    280 |     20 |   1581 |   3 |  907.0 |
        Depths |   6851 |   5443 |   1408 |    342 |   3119 |   4 | 1712.8 |
          Hell |    894 |    796 |     98 |      0 |    332 |   1 |  894.0 |
           Dis |   2545 |   2389 |    156 |     40 |   1614 |   7 |  363.6 |
       Gehenna |   2608 |   2290 |    318 |    145 |    592 |   7 |  372.6 |
       Cocytus |   3673 |   3490 |    183 |    121 |   2143 |   7 |  524.7 |
      Tartarus |   3683 |   3477 |    206 |      0 |   2529 |   7 |  526.1 |
           Zot |   4723 |   4090 |    633 |     81 |   2829 |   5 |  944.6 |
         Abyss |    640 |    640 |      0 |      0 |     58 |   4 |  160.0 |
   Pandemonium |   5574 |   5574 |      0 |    293 |   1842 |  12 |  464.5 |
      Ziggurat |   9797 |   9797 |      0 |    133 |   5283 |  54 |  181.4 |
       Ossuary |    238 |    238 |      0 |     44 |      0 |   1 |  238.0 |
        Bailey |   1242 |   1242 |      0 |    578 |     64 |   1 | 1242.0 |
      Ice Cave |     83 |     83 |      0 |      0 |      0 |   1 |   83.0 |
       Volcano |    226 |    226 |      0 |      3 |      0 |   1 |  226.0 |
        Wizlab |    491 |    491 |      0 |      2 |    222 |   1 |  491.0 |
               +--------+--------+--------+--------+--------+-----+--------+

Top non-repeatable levels by time:
     D:9: 2711 daAuts
Vaults:1: 2617 daAuts
    D:14: 2503 daAuts
  Lair:5: 2404 daAuts
   Tar:7: 2093 daAuts
  Lair:2: 1983 daAuts
Depths:3: 1967 daAuts
 Swamp:4: 1929 daAuts
 Crypt:3: 1919 daAuts
    D:11: 1777 daAuts
    D:12: 1748 daAuts
   Orc:2: 1735 daAuts
Depths:2: 1734 daAuts
    D:15: 1720 daAuts
  Lair:1: 1653 daAuts
